 Dungeon Crawl Stone Soup version 0.31-a0-217-g58bb5d79cf (webtiles) character file.

Game seed: 18258594003325422473

547551 qw the Conqueror (level 26, -3/193 HPs)
             Began as a Gargoyle Fighter on July 2, 2023.
             Was a High Priest of Okawaru.
             Slain by an Orb Guardian (9 damage)
             ... on level 5 of the Realm of Zot.
             The game lasted 00:45:03 (61460 turns).

qw the Conqueror (Gargoyle Fighter)                Turns: 61460, Time: 00:45:03

Health: -3/193     AC: 74    Str: 30    XL:     26   Next: 20%
Magic:  28/31      EV: 23    Int: 16    God:    Okawaru [*****.]
Gold:   1332       SH: 19    Dex: 12    Spells: 25/25 levels left

rFire   + + +        S - +7 broad axe (spect)
rCold   + + +        w - +2 shield of Resistance {rF++ rC++ Will++}
rNeg    + . .        v - +5 crystal plate armour of Nopufill {Rampage Will- Dex+3 Stlth+}
rPois   inf          M - +2 helmet of Midsummer {rC- Str+3 Int+4}
rElec   +            H - +2 cloak {Will+}
rCorr   +            n - +2 pair of gloves
SInv    .            y - +3 pair of mountain boots {steadfast, rC+}
Will    +++..        O - amulet of faith Stlth
                     B - +5 ring of evasion
HPRegen 0.52/turn    N - +5 ring of evasion
MPRegen 0.22/turn

%: rampage, faith
@: about to teleport, resistant, heroic, finesse-ful, marked, flying, slowed,
very slow
A: sickness immunity, AC +20, big wings, negative energy resistance 1,
electricity resistance, torment resistance 1, petrification resistance, weak 1,
inability to read after injury 1
}: 3/15 runes: decaying, silver, gossamer
a: Renounce Religion, Heroism, Finesse, Duel


You were on level 5 of the Realm of Zot.
You worshipped Okawaru.
Okawaru was extremely pleased with you.
You visited 9 branches of the dungeon, and saw 45 of its levels.
You visited the Abyss 1 time.
You also visited: Gauntlet.

You collected 6230 gold pieces.
You spent 4898 gold pieces at shops.


Innate Abilities, Weirdness & Mutations

You are immune to sickness and miasma.
Your stone body is resilient. (AC +20)
You are immune to poison.
Your large and strong wings let you fly.
You resist negative energy. (rN+)
You are resistant to electric shocks. (rElec)
You are resistant to unholy torment.
You are immune to petrification.
You are weak. (Str -2)
You occasionally lose the ability to read scrolls when taking damage.


   Skills:
 O Level 27 Fighting
 - Level 18.0(23.0) Axes
 + Level 15.2(20.2) Throwing
 - Level 22.0(27) Armour
 - Level 9.0(14.0) Dodging
 - Level 20.0(25.0) Shields
 - Level 11.6 Invocations


You had 25 spell levels left.
You didn't know any spells.
Your spell library was empty.

Inventory:

Hand Weapons
 c - the +8 war axe "Sarcophage" {freeze, rF+ Str+4 Dex-3 SInv}
   (You acquired it on level 8 of the Dungeon)

   Str:       It affects your strength (+4).
   Dex:       It affects your dexterity (-3).
   rF:        It protects you from fire.
   SInv:      It lets you see invisible.
 S - a +7 spectral broad axe (weapon)
Missiles
 m - 16 boomerangs (quivered)
 A - 15 javelins
 D - 2 silver javelins
Armour
 b - a +2 helmet
 n - a +2 pair of gloves (worn)
 v - the +5 crystal plate armour of Nopufill (worn) {Rampage Will- Dex+3 Stlth+}
   (Okawaru gifted it to you on level 5 of the Lair of Beasts)

   Dex:       It affects your dexterity (+3).
   Rampage:   It bestows one free step when moving towards enemies.
   Will:      It decreases your willpower.
   Stlth:     It makes you more stealthy.
 w - the +2 shield of Resistance (worn) {rF++ rC++ Will++}
   (Okawaru gifted it to you on level 2 of the Vaults)

   rF:        It greatly protects you from fire.
   rC:        It greatly protects you from cold.
   Will:      It greatly increases your willpower.
 y - the +3 pair of mountain boots (worn) {steadfast, rC+}
   (You found it on level 5 of the Lair of Beasts)

   Steadfast: It prevents involuntary movement, except for blinking,
   teleportation, or banishment.
   rC:        It protects you from cold.
 H - a +2 cloak of willpower (worn)
 K - a +0 tower shield
 M - the +2 helmet of Midsummer (worn) {rC- Str+3 Int+4}
   (You bought it in a shop on level 2 of the Orcish Mines)

   Str:       It affects your strength (+3).
   Int:       It affects your intelligence (+4).
   rC:        It makes you vulnerable to cold.
 Q - a scarf of resistance
 R - +0 gold dragon scales
Jewellery
 h - the amulet "Luoc" {RegenMP Will+ Regen+}
   (You bought it in a shop on level 1 of the Dungeon)

   [amulet of magic regeneration]

   It increases your rate of magic regeneration.
   Regen:     It increases your rate of health regeneration.
   Will:      It increases your willpower.
 p - a ring of protection from fire
 q - an amulet of reflection
 B - a +5 ring of evasion (left hand)
 I - the ring of Surprise {rF+ rC+ Int+2}
   (You took it off a minotaur in a Gauntlet)

   [ring of protection from fire]

   Int:       It affects your intelligence (+2).
   rF:        It protects you from fire.
   rC:        It protects you from cold.
 N - a +5 ring of evasion (right hand)
 O - an amulet of faith (around neck)
 P - the ring of Fobbut {rC- Str+6 Dex+6}
   (You bought it in a shop on level 2 of the Depths)

   [ring of dexterity]

   Str:       It affects your strength (+6).
   Dex:       It affects your dexterity (+6).
   rC:        It makes you vulnerable to cold.
Wands
 g - a wand of digging (7)
Scrolls
 a - a scroll of enchant armour
 e - 11 scrolls of teleportation
 t - 7 scrolls of identify
Potions
 d - 5 potions of might
 j - 25 potions of curing
 l - 4 potions of haste
 r - 4 potions of enlightenment
 s - 6 potions of mutation
 x - 3 potions of cancellation
 z - 5 potions of magic
 G - a potion of resistance

Dungeon Overview and Level Annotations

Branches:
Dungeon (15/15)            Temple (1/1) D:4            Lair (5/5) D:11
  Swamp (4/4) Lair:3       Spider (4/4) Lair:3        Slime (0/5) Lair:4
    Orc (2/2) D:12            Elf (0/3) Orc:2        Vaults (5/5) D:14
  Crypt (0/3) Vaults:3     Depths (4/4) D:15            Zot (5/5) Depths:4
Gauntlet (visited)

Altars:
Ashenzari
Cheibriados
Dithmenos
Elyvilon
Fedhas
Gozag
Hepliaklqana
Kikubaaqudgha
Makhleb
Nemelex Xobeh
Okawaru
Qazlal
Ru
Sif Muna
Trog
Uskayaw
Vehumet
Wu Jian
Xom
Yredelemnul
Zin
The Shining One
Jiyva

Shops:
D:1 =   D:4 *   Orc:1 (=(!   Orc:2 *[:(   Vaults:1 (   Vaults:3 =?([*
Depths:2 =:=   Depths:3 (

Portals:
Hell: Lair:5 Depths:1 Depths:2 Depths:3 Depths:4
Abyss: Depths:3 Depths:4
Pandemonium: Depths:1 Depths:2
Ziggurat: Depths:1

Annotations:
D:5 3 runed translucent doors, qw's ghost, amateur GrFi
Spider:3 2 runed translucent doors, qw's ghost, adept GrFi
Vaults:2 2 transporters
Depths:1 1 transporter
Zot:2 8 runed translucent doors


Message History

The Killer Klown kneecaps you but does no damage.
You block the red draconian's attack. You block the Orb Guardian's attack.
The Killer Klown wrestles your +7 spectral broad axe with a +11 club of flaming!!
Your spectral weapon shares its damage with you!
The Killer Klown burns your +7 spectral broad axe.
Your spectral weapon shares its damage with you!
You hit the Killer Klown but do no damage.
The Killer Klown is heavily wounded.
You slice the Orb Guardian!! You barely miss the Killer Klown.
Your +7 spectral broad axe hits the Killer Klown!!
Your +7 spectral broad axe closely misses the green draconian monk.
Your +7 spectral broad axe hits the white draconian.
Your +7 spectral broad axe hits the moth of wrath.
The moth of wrath's fur bristles in rage as it notices you.
Your +7 spectral broad axe hits the Killer Klown!!
An Orb Guardian comes into view.
The moth of wrath goads the Orb Guardian on!
The Orb Guardian goes berserk!
The moth of wrath goads the green draconian monk on!
The green draconian monk goes berserk!
The moth of wrath goads the white draconian on!
The white draconian goes berserk!
The electric golem blinks!
You barely miss the Orb Guardian.
The Orb Guardian is almost dead.
You slash the Killer Klown! You hit the Killer Klown.
Your +7 spectral broad axe hits the Killer Klown!
Your +7 spectral broad axe hits the moth of wrath!
You kill the moth of wrath!
Okawaru accepts your kill.
Your +7 spectral broad axe hits the Killer Klown!!!
You kill the Killer Klown!
Okawaru accepts your kill. Okawaru grants you throwing weapons!
Something appears at your feet! You block the Orb Guardian's attack.
The red draconian misses you. You block the white draconian's attack.
The green draconian monk rages.
The Killer Klown blinks!
The Killer Klown karate-kicks you but does no damage.
A purple draconian comes into view. It is wielding a +0 short sword.
The Orb Guardian hits you!
You die...

d##############
.XX.X..^......###
..[...%...##....##
.¤.X.Xq)X..###...#######
...p.dp@(...###.........
.....dX)....# ##........
^.$.¤X......# #........
............# ##.......
..9.....p...# #.....).
............# ##.......
..^........## #........
..........## #........
#.........


You could see 3 Killer Klowns, an electric golem, a green draconian monk
(berserk), a purple draconian, a red draconian (berserk), a white draconian
(berserk), 8 Orb Guardians and a friendly +7 spectral broad axe.

Vanquished Creatures
  3 ancient liches
  2 orbs of fire (Zot:5)
  Mara (Vaults:4)
  Mennas (Vaults:4)
  2 juggernauts (Depths:3)
  Sojobo (Depths:2)
  12 Killer Klowns
  Josephina (Depths:3)
  Boris (twice) (Vaults:3 Depths:3)
  Bai Suzhen (Vaults:2)
  Vv (Zot:4)
  A caustic shrike (Depths:2)
  Saint Roka (Vaults:3)
  A curse toe (Zot:4)
  A bone dragon (Depths:4)
  8 golden dragons
  A walking crystal tome (Depths:2)
  Jorgrun (D:13)
  8 Orb Guardians (Zot:5)
  Mlioglotl (Swamp:3)
  Asterion (Depths:2)
  2 liches (Vaults:5)
  16 tentacled monstrosities
  6 quicksilver dragons
  6 titans
  An Executioner (Depths:4)
  9 death cobs
  An ancient champion (Vaults:3)
  Gastronok (Lair:2)
  2 thorn hunters
  8 sphinxes
  3 draconian knights
  Donald (Spider:4)
  Frances (D:14)
  A fenstrider witch (Swamp:4)
  Kirke (D:15)
  11 shadow dragons
  7 draconian monks
  17 storm dragons
  11 tengu reavers
  2 iron dragons
  6 fire giants
  A caustic shrike zombie (Depths:1)
  8 emperor scorpions
  21 vault wardens
  4 frost giants
  7 draconian scorchers
  2 balrugs (Depths:4)
  Aizul (Vaults:4)
  3 draconian shifters (Zot:4)
  3 orc warlords
  4 draconian stormcallers
  A spriggan defender (Depths:3)
  10 ghost moths
  3 ghouls (Swamp:4)
  10 very ugly things
  2 war gargoyles (Vaults:5)
  A formless jellyfish (Vaults:1)
  26 stone giants
  5 draconian annihilators
  3 broodmothers (Spider:4)
  4 angels (Zot:1)
  18 ironbound preservers
  A vampire knight (Depths:4)
  9 ironbound thunderhulks
  Nessos (Lair:3)
  2 deep elf demonologists
  11 purple draconians
  2 deep elf annihilators (Vaults:5)
  8 dire elephants
  13 green draconians
  6 black draconians
  6 yellow draconians
  A minotaur (Gauntlet)
  8 white draconians
  An eleionoma (Swamp:4)
  8 bunyips
  Azrael (Spider:1)
  13 red draconians
  2 spark wasps (Depths:4)
  An eidolon (Vaults:3)
  2 deep elf death magi (Vaults:5)
  13 ettins
  7 fire dragons
  2 deep elf high priests (Vaults:5)
  4 entropy weavers
  4 shambling mangroves
  7 great orbs of eyes
  A spriggan zombie (Depths:1)
  8 yaktaur captains
  Erolcha (D:13)
  7 ice dragons
  4 spriggan air magi
  19 hydras
  3 jorogumos
  8 centaur warriors
  2 ghost crabs
  25 vault guards
  2 ogre magi (Vaults:5)
  5 death yaks
  8 ironbound frosthearts
  3 anacondas (Lair:2)
  14 boulder beetles
  2 dancing weapons (D:14)
  8 two-headed ogres
  8 deep troll shamans
  11 alligators
  5 tengu warriors
  A vampire mage (Depths:2)
  16 deep troll earth magi
  10 demonic crawlers
  2 spriggan berserkers (Depths:4)
  2 sun demons
  A fire crab (Lair:2)
  6 hell knights
  4 skeletal warriors (D:15)
  7 pharaoh ants
  A skyshark (Lair:5)
  A sixfirhy (Gauntlet)
  3 sun moths
  12 iron trolls
  9 goliath frogs
  A spark wasp zombie (Depths:1)
  A shadow dragon zombie (Depths:1)
  7 bog bodies
  11 orb spiders
  2 spriggan druids
  2 death drakes (Depths:3)
  3 flayed ghosts
  2 glowing orange brains
  74 deep trolls
  9 harpies (Vaults:2)
  3 large abominations (Depths:3)
  A golden dragon skeleton (Depths:1)
  A deep troll (shapeshifter) (Depths:2)
  8 swamp dragons
  4 necromancers
  5 wizards
  16 orc knights
  12 ironbound convokers
  5 phantasmal warriors
  7 lindwurms
  A steelbarb worm (shapeshifter) (Vaults:5)
  8 steelbarb worms
  A mana viper (shapeshifter) (Zot:1)
  2 deep elf pyromancers (D:14)
  6 orc sorcerers
  28 ugly things
  26 wolf spiders
  2 cyclopes
  A manticore (D:12)
  7 will-o-the-wisps
  A frost giant zombie (Depths:1)
  21 moths of wrath
  6 black mambas
  An ice statue (Gauntlet)
  26 vault sentinels
  19 elephants
  3 rust devils
  13 cane toads
  2 gargoyles (D:12)
  2 elephants (shapeshifter)
  7 torpor snails
  A smoke demon (Gauntlet)
  Maggie (Lair:1)
  2 orange demons (Lair:5)
  27 yaktaurs
  3 unseen horrors (Depths:3)
  A spark wasp simulacrum (Depths:3)
  A freezing wraith (Vaults:5)
  11 rime drakes
  15 komodo dragons
  4 tengu conjurers
  A tormentor (Depths:2)
  6 guardian mummies (Zot:2)
  3 ice devils (Lair:5)
  A golden dragon simulacrum (Depths:3)
  4 trolls
  A hellwing (Lair:5)
  2 bloated husks (Swamp:1)
  35 hornets
  A red devil (Depths:2)
  11 tyrant leeches
  A polar bear (Lair:2)
  5 blink frogs (Lair:1)
  A hornet (shapeshifter) (D:13)
  A raiju (shapeshifter) (D:13)
  24 tarantellas
  9 dream sheep
  2 fire giant simulacra
  A flying skull (Vaults:3)
  32 jumping spiders
  33 slime creatures
  24 spriggans
  3 wyverns
  29 culicivoras
  3 wraiths
  2 humans (D:15)
  71 yaks
  A vampire (D:11)
  Eustachio (D:6)
  7 basilisks
  4 chaos spawn
  3 fire elementals (Spider:1)
  35 redbacks
  Grum (Lair:1)
  3 steam dragons
  2 two-headed ogre zombies (D:12)
  20 vampire mosquitoes
  2 wargs (Orc:2)
  17 swamp worms
  16 water moccasins
  9 hell hounds
  56 orc warriors
  11 swamp drakes (Swamp:4)
  2 black bears (shapeshifter)
  An ice beast (D:6)
  A sky beast (D:7)
  8 black bears
  10 centaurs
  10 ogres
  23 wolves
  2 kobold brigands
  2 phantoms (D:12)
  8 bullfrogs
  A glowing shapeshifter simulacrum (Depths:3)
  6 scorpions
  A tengu simulacrum (Depths:1)
  A necrophage (Swamp:4)
  8 small abominations (Depths:3)
  A troll zombie (D:12)
  9 killer bees
  An electric eel (Spider:1)
  3 howler monkeys
  4 crimson imps (Gauntlet)
  A gnoll bouda (D:9)
  4 hounds
  16 orc priests
  3 iguanas
  24 orc wizards
  3 sleepcaps
  5 ogre zombies (D:12)
  14 gnolls
  6 adders
  A shadow imp (D:5)
  2 white imps
  4 ufetubi (Gauntlet)
  A worm (D:2)
  5 dart slugs
  96 orcs
  6 ball pythons
  8 endoplasms
  12 goblins
  15 hobgoblins
  11 jackals
  4 quokkas
  7 bats
  5 frilled lizards
  5 goblin skeletons (D:12)
  A goblin zombie (D:12)
  2 hobgoblin skeletons (D:12)
  A hobgoblin zombie (D:12)
  18 kobolds
  2 orc skeletons (D:12)
  14 orc zombies (D:12)
  5 rats
  2 butterflies (Zot:2)
  3 spectral weapons
1978 creatures vanquished.

Vanquished Creatures (others)
  A draconian scorcher (Zot:1)
  A vault warden (Vaults:5)
  A white draconian (Zot:3)
  A spriggan (Swamp:1)
  A rime drake (Lair:5)
  A tyrant leech (Swamp:4)
  A hornet (Swamp:1)
  A human (D:15)
  An orc wizard (Orc:1)
  26 foxfires
  50 spectral weapons
85 creatures vanquished.

Grand Total: 2063 creatures vanquished

Notes
Turn   | Place    | Note
-------+----------+-------------------------------------------
     0 | D:1      | qw the Gargoyle Fighter began the quest for the Orb.
     0 | D:1      | Reached XP level 1. HP: 14/14 MP: 1/1
     0 | D:1      | 0 ||| qw: Version: 0.3-a-40-ge99b1a8
     0 | D:1      | 0 ||| qw: Game counter: 8041
     0 | D:1      | 0 ||| qw: Melee chars always use a shield: true
     0 | D:1      | 0 ||| qw: God list: Okawaru
     0 | D:1      | 0 ||| qw: Allow faded altars: false
     0 | D:1      | 0 ||| qw: Do Orc after clearing Dungeon:15 true
     0 | D:1      | 0 ||| qw: Do second Lair branch before Depths: true
     0 | D:1      | 0 ||| qw: Lair rune preference: random
     0 | D:1      | 0 ||| qw: Goals: Normal, Zot:1-4, Slime:5, God:TSO, Crypt,
                  | Tomb, Abyss, Pan, Hells, Win
     0 | D:1      | 0 ||| PLANNING D:1-11
   277 | D:1      | Reached XP level 2. HP: 19/19 MP: 2/2
   353 | D:1      | Reached skill level 3 in Axes
   387 | D:1      | Reached XP level 3. HP: 23/23 MP: 3/3
   452 | D:1      | Found Imutumm's Jewellery Emporium.
   455 | D:1      | 455 ||| SHOPLISTING +5 ring of evasion (360 gold, have 43).
   455 | D:1      | 455 ||| SHOPLISTING amulet "Luoc" {RegenMP Will+ Regen+}
                  | (426 gold, have 43).
   455 | D:1      | 455 ||| SHOPLISTING amulet of regeneration (300 gold, have
                  | 43).
   455 | D:1      | 455 ||| SHOPLISTING amulet of the acrobat (300 gold, have
                  | 43).
   455 | D:1      | 455 ||| SHOPLISTING ring of ice (250 gold, have 43).
   455 | D:1      | 455 ||| SHOPLISTING ring of positive energy (200 gold, have
                  | 43).
   604 | D:1      | 604 ||| Stepping ~*~*~tactically~*~*~ (stealth).
  1111 | D:1      | 1111 ||| UPGRADING to +0 plate armour.
  1121 | D:1      | 1121 ||| DROPPING +0 scale mail.
  1170 | D:2      | 1170 ||| Stepping ~*~*~tactically~*~*~ (hiding).
  1174 | D:2      | 1174 ||| Stepping ~*~*~tactically~*~*~ (hiding).
  1393 | D:2      | Reached skill level 1 in Throwing
  1924 | D:2      | Reached XP level 4. HP: 28/28 MP: 4/4
  2212 | D:2      | 2212 ||| READING scroll labelled ATHUTHR CIASAEV.
  2213 | D:2      | 2213 ||| DRINKING 2 silvery potions.
  2330 | D:3      | 2330 ||| Stepping ~*~*~tactically~*~*~ (stealth).
  2336 | D:3      | 2336 ||| Stepping ~*~*~tactically~*~*~ (stealth).
  2338 | D:3      | 2338 ||| Stepping ~*~*~tactically~*~*~ (stealth).
  2343 | D:3      | 2343 ||| Stepping ~*~*~tactically~*~*~ (stealth).
  2576 | D:3      | 2576 ||| Stepping ~*~*~tactically~*~*~ (hiding).
  2577 | D:3      | 2577 ||| Stepping ~*~*~tactically~*~*~ (stealth).
  3076 | D:3      | 3076 ||| UPGRADING to +0 helmet.
  3081 | D:3      | 3081 ||| UPGRADING to +4 ring of slaying {mikee}.
  3082 | D:3      | 3082 ||| UPGRADING to +4 ring of protection.
  3083 | D:3      | 3083 ||| READING scroll labelled ISSEME FUGENEB.
  3088 | D:3      | 3088 ||| READING scroll labelled KAOKHUNUIM.
  3089 | D:3      | 3089 ||| READING scroll labelled ZEDGHU DAAR.
  3090 | D:3      | 3090 ||| DRINKING 2 glowing grey potions.
  3110 | D:4      | 3110 ||| Stepping ~*~*~tactically~*~*~ (stealth).
  3114 | D:4      | 3114 ||| Stepping ~*~*~tactically~*~*~ (stealth).
  3132 | D:4      | 3132 ||| Stepping ~*~*~tactically~*~*~ (stealth).
  3135 | D:4      | 3135 ||| Stepping ~*~*~tactically~*~*~ (stealth).
  3150 | D:4      | Noticed a scorpion
  3163 | D:4      | Killed a scorpion
  3164 | D:4      | Reached XP level 5. HP: 29/32 MP: 5/5
  3280 | D:4      | Reached XP level 6. HP: 30/38 MP: 6/6
  3282 | D:4      | Reached skill level 4 in Fighting
  3326 | D:4      | 3326 ||| DROPPING +0 whip.
  3387 | D:4      | Found a staircase to the Ecumenical Temple.
  3388 | D:4      | 3388 ||| PLANNING TEMPLE
  3388 | D:4      | 3388 ||| UPGRADING to +0 cloak.
  3393 | D:4      | 3393 ||| DRINKING 2 brown potions.
  3405 | Temple   | Entered the Ecumenical Temple
  3544 | Temple   | 3544 ||| PLANNING D:1-11
  3620 | D:4      | 3620 ||| Stepping ~*~*~tactically~*~*~ (hiding).
  3759 | D:4      | Found Kyelosek's Elemental Accessories.
  4145 | D:4      | Reached skill level 6 in Axes
  4228 | D:4      | 4228 ||| DROPPING +0 whip of venom.
  4229 | D:4      | 4229 ||| DROPPING +1 mace of draining.
  4300 | D:4      | 4300 ||| DROPPING ring of willpower.
  4301 | D:4      | 4301 ||| READING scroll labelled QOPU UBEATWUNO.
  4343 | D:5      | Entered Level 5 of the Dungeon
  4362 | D:5      | Reached XP level 7. HP: 43/43 MP: 7/7
  4393 | D:5      | 4393 ||| Stepping ~*~*~tactically~*~*~ (stealth).
  4394 | D:5      | 4394 ||| Stepping ~*~*~tactically~*~*~ (stealth).
  4428 | D:5      | Found an iron altar of Okawaru.
  4429 | D:5      | 4429 ||| PLANNING OKAWARU WORSHIP
  4429 | D:5      | 4429 ||| READING scroll labelled IQAQOA AKKAI.
  4437 | D:5      | Became a worshipper of Warmaster Okawaru
  4438 | D:5      | 4438 ||| PLANNING D:1-11
  4519 | D:5      | 4519 ||| READING scroll of enchant armour.
  4519 | D:5      | 4519 ||| ENCHANTING +0 helmet.
  4539 | D:5      | Found a runed translucent gate.
  4543 | D:5      | Noticed qw's ghost (amateur GrFi)
  4554 | D:5      | Found a runed translucent gate.
  4554 | D:5      | Found a runed translucent gate.
  4967 | D:5      | 4967 ||| DROPPING +6 ring of intelligence.
  4968 | D:5      | 4968 ||| READING scroll labelled HINUYQAMAD.
  4969 | D:5      | 4969 ||| READING scroll labelled RATUUCOKUH.
  4970 | D:5      | 4970 ||| READING 2 scrolls of identify.
  4970 | D:5      | 4970 ||| IDENTIFYING sapphire potion
  4999 | D:6      | Found a bloodstained altar of Trog.
  5003 | D:6      | Noticed Eustachio
  5008 | D:6      | Reached skill level 5 in Fighting
  5008 | D:6      | Reached XP level 8. HP: 47/49 MP: 8/8
  5010 | D:6      | Reached * piety under Okawaru
  5011 | D:6      | Reached skill level 1 in Dodging
  5011 | D:6      | 5011 ||| INVOKING Heroism.
  5022 | D:6      | 5022 ||| STAIRDANCE
  5088 | D:6      | 5088 ||| INVOKING Heroism.
  5092 | D:6      | Killed Eustachio
  5114 | D:6      | Reached skill level 1 in Invocations
  5301 | D:6      | Reached skill level 3 in Invocations
  5509 | D:6      | 5509 ||| INVOKING Heroism.
  5524 | D:6      | Reached XP level 9. HP: 54/54 MP: 9/12
  5655 | D:6      | 5655 ||| Stepping ~*~*~tactically~*~*~ (stealth).
  5667 | D:6      | 5667 ||| Stepping ~*~*~tactically~*~*~ (stealth).
  5676 | D:6      | Reached skill level 6 in Fighting
  5681 | D:6      | 5681 ||| Stepping ~*~*~tactically~*~*~ (stealth).
  5711 | D:6      | 5711 ||| Stepping ~*~*~tactically~*~*~ (stealth).
  5803 | D:6      | 5803 ||| Stepping ~*~*~tactically~*~*~ (hiding).
  5885 | D:6      | 5885 ||| Stepping ~*~*~tactically~*~*~ (stealth).
  5886 | D:6      | 5886 ||| Stepping ~*~*~tactically~*~*~ (stealth).
  5891 | D:6      | 5891 ||| Stepping ~*~*~tactically~*~*~ (stealth).
  5892 | D:6      | 5892 ||| Stepping ~*~*~tactically~*~*~ (stealth).
  5893 | D:6      | 5893 ||| Stepping ~*~*~tactically~*~*~ (stealth).
  5902 | D:6      | 5902 ||| UPGRADING to +0 kite shield.
  5912 | D:6      | 5912 ||| DROPPING +0 buckler.
  5913 | D:6      | 5913 ||| DRINKING 2 grey potions.
  5914 | D:6      | 5914 ||| READING 4 scrolls of identify.
  5914 | D:6      | 5914 ||| IDENTIFYING fuming coppery potion
  5915 | D:6      | 5915 ||| READING 3 scrolls of identify.
  5915 | D:6      | 5915 ||| IDENTIFYING murky pink potion
  5916 | D:6      | 5916 ||| DROPPING potion of ambrosia.
  6003 | D:7      | Reached ** piety under Okawaru
  6014 | D:7      | Found a hazy altar of Hepliaklqana.
  6115 | D:7      | 6115 ||| Stepping ~*~*~tactically~*~*~ (stealth).
  6120 | D:7      | 6120 ||| Stepping ~*~*~tactically~*~*~ (hiding).
  6140 | D:7      | 6140 ||| INVOKING Heroism.
  6495 | D:7      | 6495 ||| Stepping ~*~*~tactically~*~*~ (hiding).
  6506 | D:7      | Reached skill level 6 in Shields
  6682 | D:7      | 6682 ||| DRINKING 3 potions of curing.
  6682 | D:7      | 6682 ||| (to cure confusion)
  6683 | D:7      | 6683 ||| INVOKING Heroism.
  6729 | D:7      | 6729 ||| DROPPING +0 flail.
  7124 | D:7      | 7124 ||| READING scroll labelled AVEUPNUIRAZEM.
  7125 | D:7      | 7125 ||| READING scroll labelled IDAIQOTANO.
  7178 | D:8      | 7178 ||| INVOKING Heroism.
  7246 | D:8      | 7246 ||| Stepping ~*~*~tactically~*~*~ (stealth).
  7269 | D:8      | 7269 ||| Stepping ~*~*~tactically~*~*~ (stealth).
  7273 | D:8      | 7273 ||| Stepping ~*~*~tactically~*~*~ (stealth).
  7274 | D:8      | 7274 ||| Stepping ~*~*~tactically~*~*~ (stealth).
  7280 | D:8      | 7280 ||| SWAPPING to +2 hand axe of flaming.
  7281 | D:8      | 7281 ||| DROPPING +0 morningstar.
  7287 | D:8      | 7287 ||| Stepping ~*~*~tactically~*~*~ (stealth).
  7288 | D:8      | 7288 ||| Stepping ~*~*~tactically~*~*~ (stealth).
  7310 | D:8      | 7310 ||| Stepping ~*~*~tactically~*~*~ (hiding).
  7316 | D:8      | 7316 ||| Stepping ~*~*~tactically~*~*~ (hiding).
  7362 | D:8      | 7362 ||| Stepping ~*~*~tactically~*~*~ (stealth).
  7384 | D:8      | Reached XP level 10. HP: 49/60 MP: 13/13
  7752 | D:8      | 7752 ||| DROPPING ring of see invisible.
  7753 | D:8      | 7753 ||| READING scroll labelled XEDIUTREAMM.
  7753 | D:8      | Identified a scroll of acquirement
  7753 | D:8      | 7753 ||| ACQUIRING +8 war axe "Sarcophage" {freeze, rF+
                  | Str+4 Dex-3 SInv}
  7753 | D:8      | Acquired the +8 war axe "Sarcophage" {freeze, rF+ Str+4
                  | Dex-3 SInv}
  7754 | D:8      | 7754 ||| READING 5 scrolls of identify.
  7754 | D:8      | 7754 ||| IDENTIFYING smoky silvery potion
  7763 | D:8      | 7763 ||| READING scroll labelled GYZ HURUX YVI.
  7776 | D:8      | 7776 ||| SWAPPING to +8 war axe "Sarcophage" {freeze, rF+
                  | Str+4 Dex-3 SInv}.
  7875 | D:8      | 7875 ||| INVOKING Heroism.
  7905 | D:7      | Noticed a rust devil
  7905 | D:7      | Noticed a rust devil
  7906 | D:7      | 7906 ||| INVOKING Heroism.
  7913 | D:7      | Reached skill level 9 in Axes
  7919 | D:7      | 7919 ||| DRINKING potion of cancellation.
  7920 | D:7      | Killed a rust devil
  7920 | D:7      | Reached *** piety under Okawaru
  7921 | D:7      | Reached skill level 6 in Armour
  7926 | D:7      | Killed a rust devil
  8037 | D:7      | Identified the +11 halberd "Juffepoude" {drain, rElec rN+
                  | Str+3}
  8199 | D:9      | 8199 ||| STAIRDANCE
  8208 | D:8      | Reached skill level 7 in Fighting
  8313 | D:9      | Reached skill level 9 in Shields
  8592 | D:9      | 8592 ||| READING scroll of enchant armour.
  8592 | D:9      | 8592 ||| ENCHANTING +1 helmet.
  8634 | D:9      | 8634 ||| INVOKING Heroism.
  8667 | D:9      | 8667 ||| INVOKING Heroism.
  8671 | D:9      | Noticed a boulder beetle
  8679 | D:9      | Killed a boulder beetle
  8679 | D:9      | Received a gift from Okawaru
  8679 | D:9      | Reached **** piety under Okawaru
  8873 | D:9      | Found a sacrificial altar of Ru.
  8874 | D:9      | Found a burning altar of Makhleb.
  8931 | D:9      | 8931 ||| READING scroll labelled KAMNAT IKLAOLY.
  9032 | D:9      | 9032 ||| READING 5 scrolls of identify.
  9032 | D:9      | 9032 ||| IDENTIFYING fuming clear potion
  9033 | D:9      | 9033 ||| READING 4 scrolls of identify.
  9033 | D:9      | 9033 ||| IDENTIFYING pink potion
  9034 | D:9      | 9034 ||| DROPPING potion of invisibility.
  9064 | D:10     | Entered Level 10 of the Dungeon
  9072 | D:10     | 9072 ||| STAIRDANCE
  9077 | D:9      | Reached XP level 11. HP: 61/67 MP: 13/15
  9111 | D:10     | 9111 ||| INVOKING Heroism.
  9192 | D:10     | 9192 ||| DROPPING +1 war axe.
  9347 | D:10     | 9347 ||| Stepping ~*~*~tactically~*~*~ (stealth).
  9365 | D:10     | 9365 ||| Stepping ~*~*~tactically~*~*~ (hiding).
  9366 | D:10     | 9366 ||| Stepping ~*~*~tactically~*~*~ (hiding).
  9484 | D:10     | Identified the +7 rapier of the Threshing Gods {drain, rN++
                  | Str-4 SInv Stlth+}
  9498 | D:10     | Reached skill level 3 in Throwing
  9499 | D:10     | Reached skill level 6 in Invocations
  9509 | D:10     | Noticed a boulder beetle
  9510 | D:10     | 9510 ||| INVOKING Heroism.
  9520 | D:10     | Killed a boulder beetle
  9687 | D:10     | Reached skill level 8 in Fighting
  9765 | D:11     | 9765 ||| INVOKING Heroism.
  9766 | D:11     | 9766 ||| Stepping ~*~*~tactically~*~*~ (stealth).
  9776 | D:11     | Received a gift from Okawaru
  9804 | D:11     | 9804 ||| Stepping ~*~*~tactically~*~*~ (hiding).
  9808 | D:11     | 9808 ||| INVOKING Heroism.
  9815 | D:11     | 9815 ||| Stepping ~*~*~tactically~*~*~ (stealth).
  9817 | D:11     | 9817 ||| Stepping ~*~*~tactically~*~*~ (stealth).
  9822 | D:11     | 9822 ||| Stepping ~*~*~tactically~*~*~ (stealth).
  9834 | D:11     | 9834 ||| Stepping ~*~*~tactically~*~*~ (stealth).
  9891 | D:11     | 9891 ||| READING scroll of acquirement.
  9891 | D:11     | 9891 ||| ACQUIRING +5 ring of evasion
  9891 | D:11     | Acquired a +5 ring of evasion
  9893 | D:11     | 9893 ||| UPGRADING to +5 ring of evasion.
  9909 | D:11     | 9909 ||| Stepping ~*~*~tactically~*~*~ (stealth).
  9911 | D:11     | 9911 ||| Stepping ~*~*~tactically~*~*~ (hiding).
  9915 | D:11     | 9915 ||| INVOKING Heroism.
  9943 | D:11     | Noticed a two-headed ogre
  9945 | D:11     | 9945 ||| Stepping ~*~*~tactically~*~*~ (hiding).
  9947 | D:11     | Noticed a cyclops
  9949 | D:11     | 9949 ||| INVOKING Heroism.
  9949 | D:11     | Noticed a two-headed ogre
  9957 | D:11     | Noticed an orc knight
  9958 | D:11     | Killed a two-headed ogre
  9961 | D:11     | Reached ***** piety under Okawaru
  9965 | D:11     | Killed a two-headed ogre
  9965 | D:11     | Received a gift from Okawaru
  9973 | D:11     | HP: 17/68 [orc knight/+0 great mace (5)]
  9974 | D:11     | 9974 ||| READING 6 scrolls of teleportation.
  9974 | D:11     | HP: 8/68 [orc knight/+0 great mace (9)]
  9975 | D:11     | 9975 ||| DRINKING potion of heal wounds.
  9980 | D:11     | 9980 ||| FLEEEEING.
  9981 | D:11     | 9981 ||| FLEEEEING.
  9983 | D:11     | 9983 ||| FLEEEEING.
  9984 | D:11     | 9984 ||| FLEEEEING.
  9986 | D:11     | 9986 ||| STAIRDANCE
 10105 | D:10     | 10105 ||| DROPPING +4 ring of slaying {mikee}.
 10116 | D:11     | 10116 ||| INVOKING Heroism.
 10126 | D:11     | Killed a cyclops
 10127 | D:11     | 10127 ||| Stepping ~*~*~tactically~*~*~ (hiding).
 10129 | D:11     | 10129 ||| Stepping ~*~*~tactically~*~*~ (hiding).
 10185 | D:11     | 10185 ||| Stepping ~*~*~tactically~*~*~ (stealth).
 10189 | D:11     | 10189 ||| INVOKING Heroism.
 10199 | D:11     | Killed an orc knight
 10277 | D:11     | Found a staircase to the Lair.
 10389 | D:11     | 10389 ||| PLANNING LAIR
 10389 | D:11     | 10389 ||| READING 3 scrolls of identify.
 10389 | D:11     | 10389 ||| IDENTIFYING purple potion
 10390 | D:11     | 10390 ||| DROPPING potion of brilliance.
 10422 | Lair:1   | Entered Level 1 of the Lair of Beasts
 10440 | Lair:1   | Noticed Maggie
 10442 | Lair:1   | 10442 ||| Stepping ~*~*~tactically~*~*~ (hiding).
 10449 | Lair:1   | Killed Maggie
 10552 | Lair:1   | 10552 ||| INVOKING Heroism.
 10562 | Lair:1   | Reached skill level 9 in Invocations
 10564 | Lair:1   | Reached XP level 12. HP: 73/73 MP: 16/18
 10582 | Lair:1   | 10582 ||| DROPPING +2 war axe of electrocution.
 10604 | Lair:1   | Noticed Grum
 10605 | Lair:1   | 10605 ||| INVOKING Heroism.
 10607 | Lair:1   | 10607 ||| Stepping ~*~*~tactically~*~*~ (hiding).
 10619 | Lair:1   | Killed Grum
 10624 | Lair:1   | 10624 ||| Stepping ~*~*~tactically~*~*~ (stealth).
 10625 | Lair:1   | 10625 ||| Stepping ~*~*~tactically~*~*~ (stealth).
 10823 | Lair:1   | 10823 ||| FLEEEEING.
 10827 | Lair:1   | 10827 ||| FLEEEEING.
 10830 | Lair:1   | 10830 ||| FLEEEEING.
 10832 | Lair:1   | 10832 ||| FLEEEEING.
 10833 | Lair:1   | 10833 ||| FLEEEEING.
 10834 | Lair:1   | 10834 ||| FLEEEEING.
 10835 | Lair:1   | 10835 ||| FLEEEEING.
 10836 | Lair:1   | 10836 ||| FLEEEEING.
 10837 | Lair:1   | 10837 ||| FLEEEEING.
 10838 | Lair:1   | 10838 ||| FLEEEEING.
 10839 | Lair:1   | 10839 ||| FLEEEEING.
 10840 | Lair:1   | 10840 ||| FLEEEEING.
 10841 | Lair:1   | 10841 ||| FLEEEEING.
 10842 | Lair:1   | 10842 ||| FLEEEEING.
 10843 | Lair:1   | 10843 ||| FLEEEEING.
 10844 | Lair:1   | 10844 ||| FLEEEEING.
 10845 | Lair:1   | 10845 ||| FLEEEEING.
 10846 | Lair:1   | 10846 ||| FLEEEEING.
 10847 | Lair:1   | 10847 ||| FLEEEEING.
 10848 | Lair:1   | 10848 ||| FLEEEEING.
 10850 | Lair:1   | 10850 ||| FLEEEEING.
 10851 | Lair:1   | 10851 ||| FLEEEEING.
 10852 | Lair:1   | 10852 ||| FLEEEEING.
 10853 | Lair:1   | 10853 ||| INVOKING Heroism.
 10898 | Lair:1   | 10898 ||| Stepping ~*~*~tactically~*~*~ (stealth).
 10902 | Lair:1   | Received a gift from Okawaru
 10903 | Lair:1   | 10903 ||| Stepping ~*~*~tactically~*~*~ (stealth).
 10927 | Lair:1   | 10927 ||| INVOKING Heroism.
 10938 | Lair:1   | Reached skill level 9 in Fighting
 11022 | Lair:1   | 11022 ||| INVOKING Heroism.
 11038 | Lair:1   | Received a gift from Okawaru
 11117 | Lair:1   | 11117 ||| READING scroll of enchant armour.
 11117 | Lair:1   | 11117 ||| ENCHANTING +0 cloak.
 11147 | Lair:1   | 11147 ||| Stepping ~*~*~tactically~*~*~ (stealth).
 11343 | Lair:1   | 11343 ||| READING scroll labelled ESCHAM REUNG.
 11505 | Lair:2   | 11505 ||| FLEEEEING.
 11510 | Lair:2   | Received a gift from Okawaru
 11516 | Lair:2   | 11516 ||| INVOKING Heroism.
 11667 | Lair:2   | Noticed Gastronok
 11668 | Lair:2   | 11668 ||| Stepping ~*~*~tactically~*~*~ (hiding).
 11670 | Lair:2   | 11670 ||| Stepping ~*~*~tactically~*~*~ (hiding).
 11672 | Lair:2   | 11672 ||| INVOKING Heroism.
 11680 | Lair:2   | HP: 18/76 [Gastronok (11)]
 11681 | Lair:2   | 11681 ||| READING 5 scrolls of teleportation.
 11685 | Lair:2   | Killed Gastronok
 11685 | Lair:2   | Identified the +3 chain mail of the Ego {rC+} (Okawaru
                  | gifted it to you on level 2 of the Lair of Beasts)
 11685 | Lair:2   | Received a gift from Okawaru
 11936 | Lair:2   | 11936 ||| Stepping ~*~*~tactically~*~*~ (stealth).
 11947 | Lair:2   | Reached skill level 12 in Axes
 11980 | Lair:2   | 11980 ||| INVOKING Heroism.
 12018 | Lair:2   | Reached XP level 13. HP: 80/80 MP: 20/20
 12171 | Lair:2   | 12171 ||| Stepping ~*~*~tactically~*~*~ (stealth).
 12172 | Lair:2   | 12172 ||| INVOKING Heroism.
 12228 | Lair:2   | 12228 ||| Stepping ~*~*~tactically~*~*~ (hiding).
 12237 | Lair:2   | Reached skill level 10 in Fighting
 12243 | Lair:2   | 12243 ||| INVOKING Heroism.
 12531 | Lair:2   | 12531 ||| INVOKING Heroism.
 12532 | Lair:2   | 12532 ||| Stepping ~*~*~tactically~*~*~ (stealth).
 12684 | Lair:2   | 12684 ||| Stepping ~*~*~tactically~*~*~ (stealth).
 12693 | Lair:2   | 12693 ||| INVOKING Heroism.
 12694 | Lair:2   | 12694 ||| INVOKING Finesse.
 12725 | Lair:2   | Reached skill level 9 in Armour
 12746 | Lair:2   | 12746 ||| FLEEEEING.
 12791 | Lair:2   | 12791 ||| READING scroll of enchant armour.
 12791 | Lair:2   | 12791 ||| ENCHANTING +1 cloak.
 12798 | Lair:2   | 12798 ||| Stepping ~*~*~tactically~*~*~ (stealth).
 12838 | Lair:2   | 12838 ||| Stepping ~*~*~tactically~*~*~ (hiding).
 12840 | Lair:2   | 12840 ||| INVOKING Heroism.
 13072 | Lair:2   | 13072 ||| DROPPING +1 chain mail of cold resistance.
 13073 | Lair:2   | 13073 ||| UPGRADING to +3 chain mail of the Ego {rC+}.
 13083 | Lair:2   | 13083 ||| DROPPING +6 ring of dexterity.
 13084 | Lair:2   | 13084 ||| READING scroll labelled ESUAKL JUKHIZAGG.
 13100 | Lair:3   | 13100 ||| INVOKING Heroism.
 13101 | Lair:3   | 13101 ||| INVOKING Finesse.
 13102 | Lair:3   | 13102 ||| SWAPPING to +2 hand axe of flaming.
 13110 | Lair:3   | 13110 ||| SWAPPING to +8 war axe "Sarcophage" {freeze, rF+
                  | Str+4 Dex-3 SInv}.
 13184 | Lair:3   | 13184 ||| INVOKING Heroism.
 13257 | Lair:3   | Found a staircase to the Swamp.
 13258 | Lair:3   | 13258 ||| Stepping ~*~*~tactically~*~*~ (hiding).
 13259 | Lair:3   | 13259 ||| Stepping ~*~*~tactically~*~*~ (hiding).
 13260 | Lair:3   | 13260 ||| INVOKING Heroism.
 13362 | Lair:3   | 13362 ||| INVOKING Heroism.
 13390 | Lair:3   | Gained mutation: Your large and strong wings let you fly.
                  | [Gargoyle growth]
 13390 | Lair:3   | Reached XP level 14. HP: 88/88 MP: 21/21
 13474 | Lair:3   | 13474 ||| INVOKING Heroism.
 13475 | Lair:3   | 13475 ||| INVOKING Finesse.
 13480 | Lair:3   | 13480 ||| SWAPPING to +2 hand axe of flaming.
 13485 | Lair:3   | 13485 ||| SWAPPING to +8 war axe "Sarcophage" {freeze, rF+
                  | Str+4 Dex-3 SInv}.
 13537 | Lair:3   | Noticed Nessos
 13538 | Lair:3   | 13538 ||| INVOKING Finesse.
 13549 | Lair:3   | Killed Nessos
 13549 | Lair:3   | Received a gift from Okawaru
 13873 | Lair:3   | Found a hole to the Spider Nest.
 14165 | Lair:4   | Found a staircase to the Slime Pits.
 14165 | Lair:4   | Found a viscous altar of Jiyva.
 14222 | Lair:4   | Reached skill level 11 in Fighting
 14372 | Lair:4   | 14372 ||| Stepping ~*~*~tactically~*~*~ (hiding).
 14374 | Lair:4   | 14374 ||| Stepping ~*~*~tactically~*~*~ (hiding).
 14667 | Lair:4   | 14667 ||| Stepping ~*~*~tactically~*~*~ (stealth).
 14679 | Lair:4   | 14679 ||| INVOKING Heroism.
 14839 | Lair:4   | 14839 ||| READING 6 scrolls of identify.
 14839 | Lair:4   | 14839 ||| IDENTIFYING bubbling clear potion
 14840 | Lair:4   | 14840 ||| DROPPING potion of berserk rage.
 14860 | Lair:5   | Entered Level 5 of the Lair of Beasts
 14899 | Lair:5   | Reached skill level 12 in Shields
 14937 | Lair:5   | 14937 ||| INVOKING Heroism.
 14938 | Lair:5   | 14938 ||| SWAPPING to +2 hand axe of flaming.
 14946 | Lair:5   | 14946 ||| SWAPPING to +8 war axe "Sarcophage" {freeze, rF+
                  | Str+4 Dex-3 SInv}.
 14947 | Lair:5   | 14947 ||| SWAPPING to +2 hand axe of flaming.
 14948 | Lair:5   | 14948 ||| Stepping ~*~*~tactically~*~*~ (stealth).
 14958 | Lair:5   | Reached skill level 3 in Dodging
 14958 | Lair:5   | 14958 ||| SWAPPING to +8 war axe "Sarcophage" {freeze, rF+
                  | Str+4 Dex-3 SInv}.
 14977 | Lair:5   | 14977 ||| INVOKING Heroism.
 14978 | Lair:5   | 14978 ||| SWAPPING to +2 hand axe of flaming.
 14984 | Lair:5   | 14984 ||| SWAPPING to +8 war axe "Sarcophage" {freeze, rF+
                  | Str+4 Dex-3 SInv}.
 15004 | Lair:5   | 15004 ||| INVOKING Finesse.
 15005 | Lair:5   | 15005 ||| Stepping ~*~*~tactically~*~*~ (stealth).
 15009 | Lair:5   | 15009 ||| INVOKING Heroism.
 15028 | Lair:5   | Identified the +5 crystal plate armour of Nopufill {Rampage
                  | Will- Dex+3 Stlth+} (Okawaru gifted it to you on level 5 of
                  | the Lair of Beasts)
 15028 | Lair:5   | Received a gift from Okawaru
 15100 | Lair:5   | 15100 ||| INVOKING Heroism.
 15101 | Lair:5   | 15101 ||| INVOKING Finesse.
 15104 | Lair:5   | 15104 ||| SWAPPING to +2 hand axe of flaming.
 15114 | Lair:5   | 15114 ||| SWAPPING to +8 war axe "Sarcophage" {freeze, rF+
                  | Str+4 Dex-3 SInv}.
 15203 | Lair:5   | 15203 ||| Stepping ~*~*~tactically~*~*~ (stealth).
 15206 | Lair:5   | 15206 ||| Stepping ~*~*~tactically~*~*~ (stealth).
 15208 | Lair:5   | 15208 ||| Stepping ~*~*~tactically~*~*~ (stealth).
 15299 | Lair:5   | 15299 ||| DROPPING +2 hand axe of flaming.
 15333 | Lair:5   | 15333 ||| FLEEEEING.
 15349 | Lair:5   | 15349 ||| INVOKING Heroism.
 15351 | Lair:5   | Reached skill level 15 in Axes
 15742 | Lair:5   | 15742 ||| Stepping ~*~*~tactically~*~*~ (hiding).
 15770 | Lair:5   | 15770 ||| Stepping ~*~*~tactically~*~*~ (stealth).
 15775 | Lair:5   | Reached skill level 12 in Fighting
 15798 | Lair:5   | 15798 ||| Stepping ~*~*~tactically~*~*~ (hiding).
 15806 | Abyss:2  | Cast into level 2 of the Abyss (a wizard)
 15873 | Lair:5   | Escaped the Abyss
 15882 | Lair:5   | Found a burning altar of Makhleb.
 15883 | Lair:5   | 15883 ||| Stepping ~*~*~tactically~*~*~ (hiding).
 15897 | Lair:5   | 15897 ||| Stepping ~*~*~tactically~*~*~ (hiding).
 15921 | Lair:5   | 15921 ||| INVOKING Heroism.
 16192 | Lair:5   | 16192 ||| INVOKING Heroism.
 16194 | Lair:5   | 16194 ||| SWAPPING to +1 war axe of flaming.
 16200 | Lair:5   | Reached XP level 15. HP: 84/96 MP: 20/22
 16200 | Lair:5   | 16200 ||| SWAPPING to +8 war axe "Sarcophage" {freeze, rF+
                  | Str+4 Dex-3 SInv}.
 16420 | Lair:5   | Found a gateway to Hell.
 16421 | Lair:5   | Found the +3 pair of mountain boots {steadfast, rC+}
 16461 | Lair:5   | 16461 ||| PLANNING D
 16461 | Lair:5   | 16461 ||| DROPPING +0 plate armour.
 16462 | Lair:5   | 16462 ||| UPGRADING to +5 crystal plate armour of Nopufill
                  | {Rampage Will- Dex+3 Stlth+}.
 16472 | Lair:5   | 16472 ||| UPGRADING to +3 pair of mountain boots
                  | {steadfast, rC+}.
 16477 | Lair:5   | 16477 ||| DROPPING +3 chain mail of the Ego {rC+}.
 16478 | Lair:5   | 16478 ||| UPGRADING to +6 ring of strength.
 16480 | Lair:5   | 16480 ||| DROPPING +4 ring of protection.
 16727 | D:12     | 16727 ||| FLEEEEING.
 16728 | D:12     | 16728 ||| FLEEEEING.
 16729 | D:12     | 16729 ||| FLEEEEING.
 16730 | D:12     | 16730 ||| FLEEEEING.
 16731 | D:12     | 16731 ||| FLEEEEING.
 16741 | D:12     | 16741 ||| STAIRDANCE
 17115 | D:12     | Found a staircase to the Orcish Mines.
 17237 | D:12     | 17237 ||| Stepping ~*~*~tactically~*~*~ (stealth).
 17238 | D:12     | 17238 ||| Stepping ~*~*~tactically~*~*~ (stealth).
 17253 | D:12     | Received a gift from Okawaru
 17379 | D:12     | 17379 ||| READING 8 scrolls of identify.
 17379 | D:12     | 17379 ||| IDENTIFYING clear potion
 17406 | D:13     | 17406 ||| PLANNING GAUNTLET
 17419 | D:13     | Identified the +10 war axe of Atoed {freeze, rN+ Will+++
                  | Stlth+}
 17508 | D:13     | 17508 ||| Stepping ~*~*~tactically~*~*~ (hiding).
 17527 | D:13     | Found a gate leading to a gauntlet.
 17558 | Gauntlet | Entered a Gauntlet
 17558 | Gauntlet | Found a transporter.
 17558 | Gauntlet | Found a transporter.
 17558 | Gauntlet | Found a transporter.
 17562 | Gauntlet | Found a transporter.
 17563 | Gauntlet | Found a transporter.
 17572 | Gauntlet | Found a transporter.
 17583 | Gauntlet | Found a transporter.
 17590 | Gauntlet | Found a transporter.
 17597 | Gauntlet | Found a transporter.
 17614 | Gauntlet | Found a transporter.
 17625 | Gauntlet | Found a transporter.
 17640 | Gauntlet | Found a transporter.
 17772 | Gauntlet | 17772 ||| INVOKING Heroism.
 17773 | Gauntlet | 17773 ||| INVOKING Finesse.
 17774 | Gauntlet | 17774 ||| Stepping randomly (stuck).
 17775 | Gauntlet | 17775 ||| Stepping randomly (stuck).
 17776 | Gauntlet | 17776 ||| Stepping randomly (stuck).
 17790 | Gauntlet | 17790 ||| Stepping ~*~*~tactically~*~*~ (cloud).
 17862 | Gauntlet | 17862 ||| DROPPING +2 cloak of preservation.
 17914 | Gauntlet | 17914 ||| READING 7 scrolls of identify.
 17914 | Gauntlet | 17914 ||| IDENTIFYING bubbling dark potion
 17986 | Gauntlet | Identified the ring of Surprise {rF+ rC+ Int+2}
 17987 | Gauntlet | 17987 ||| INVOKING Heroism.
 18065 | Gauntlet | 18065 ||| DROPPING ring of protection from fire.
 18077 | D:13     | 18077 ||| PLANNING D
 18098 | D:13     | 18098 ||| Stepping ~*~*~tactically~*~*~ (hiding).
 18099 | D:13     | 18099 ||| Stepping ~*~*~tactically~*~*~ (hiding).
 18107 | D:13     | 18107 ||| Stepping ~*~*~tactically~*~*~ (hiding).
 18109 | D:13     | 18109 ||| Stepping ~*~*~tactically~*~*~ (hiding).
 18112 | D:13     | 18112 ||| Stepping ~*~*~tactically~*~*~ (hiding).
 18116 | D:13     | Noticed Erolcha
 18138 | D:13     | Killed Erolcha
 18176 | D:13     | Noticed Jorgrun
 18177 | D:13     | 18177 ||| INVOKING Heroism.
 18178 | D:13     | 18178 ||| INVOKING Finesse.
 18190 | D:13     | Killed Jorgrun
 18191 | D:13     | Reached skill level 12 in Armour
 18470 | D:13     | 18470 ||| Stepping ~*~*~tactically~*~*~ (hiding).
 18533 | D:13     | 18533 ||| Stepping ~*~*~tactically~*~*~ (stealth).
 18723 | D:14     | Found a blossoming altar of Fedhas.
 18823 | D:14     | 18823 ||| Stepping ~*~*~tactically~*~*~ (stealth).
 18833 | D:14     | Received a gift from Okawaru
 18837 | D:14     | Noticed Frances
 18838 | D:14     | 18838 ||| INVOKING Heroism.
 18839 | D:14     | 18839 ||| INVOKING Finesse.
 18841 | D:14     | 18841 ||| Stepping ~*~*~tactically~*~*~ (hiding).
 18854 | D:14     | Killed Frances
 19016 | D:14     | 19016 ||| Stepping ~*~*~tactically~*~*~ (hiding).
 19051 | D:14     | 19051 ||| Stepping ~*~*~tactically~*~*~ (stealth).
 19052 | D:14     | 19052 ||| Stepping ~*~*~tactically~*~*~ (stealth).
 19057 | D:14     | 19057 ||| INVOKING Heroism.
 19060 | D:14     | 19060 ||| SWAPPING to +1 war axe of flaming.
 19064 | D:14     | 19064 ||| SWAPPING to +8 war axe "Sarcophage" {freeze, rF+
                  | Str+4 Dex-3 SInv}.
 19118 | D:14     | 19118 ||| Stepping ~*~*~tactically~*~*~ (stealth).
 19119 | D:14     | 19119 ||| Stepping ~*~*~tactically~*~*~ (stealth).
 19121 | D:14     | 19121 ||| Stepping ~*~*~tactically~*~*~ (stealth).
 19174 | D:14     | 19174 ||| Stepping ~*~*~tactically~*~*~ (stealth).
 19367 | D:14     | Found a gate to the Vaults.
 19760 | D:14     | 19760 ||| UPGRADING to +0 pair of gloves.
 19765 | D:14     | 19765 ||| DROPPING +2 hat.
 19766 | D:14     | 19766 ||| READING scroll of enchant armour.
 19766 | D:14     | 19766 ||| ENCHANTING +0 pair of gloves.
 19817 | D:15     | Entered Level 15 of the Dungeon
 19850 | D:15     | 19850 ||| Stepping ~*~*~tactically~*~*~ (stealth).
 19851 | D:15     | 19851 ||| INVOKING Heroism.
 19853 | D:15     | Noticed Kirke
 19854 | D:15     | 19854 ||| INVOKING Finesse.
 19867 | D:15     | Killed Kirke
 19868 | D:15     | 19868 ||| Stepping ~*~*~tactically~*~*~ (hiding).
 20001 | D:15     | 20001 ||| INVOKING Heroism.
 20002 | D:15     | 20002 ||| SWAPPING to +1 war axe of flaming.
 20012 | D:15     | 20012 ||| SWAPPING to +8 war axe "Sarcophage" {freeze, rF+
                  | Str+4 Dex-3 SInv}.
 20055 | D:15     | 20055 ||| INVOKING Heroism.
 20229 | D:15     | Identified the +3 broad axe "Liogh" {drain, rC+ Stlth+}
                  | (Okawaru gifted it to you on level 15 of the Dungeon)
 20229 | D:15     | Received a gift from Okawaru
 20472 | D:15     | Reached XP level 16. HP: 101/101 MP: 23/23
 20511 | D:15     | Found a staircase to the Depths.
 20512 | D:15     | 20512 ||| INVOKING Heroism.
 20643 | D:15     | Found a glowing silver altar of Zin.
 20768 | D:15     | 20768 ||| PLANNING ORC
 20768 | D:15     | 20768 ||| UPGRADING to +0 tower shield.
 20778 | D:15     | 20778 ||| DROPPING +0 kite shield.
 20779 | D:15     | 20779 ||| READING scroll labelled TERIOS DOKHY.
 20875 | Orc:1    | Entered Level 1 of the Orcish Mines
 20920 | Orc:1    | 20920 ||| Stepping ~*~*~tactically~*~*~ (stealth).
 20980 | Orc:1    | 20980 ||| INVOKING Heroism.
 21003 | Orc:1    | 21003 ||| Stepping ~*~*~tactically~*~*~ (hiding).
 21019 | Orc:1    | 21019 ||| INVOKING Heroism.
 21059 | Orc:1    | 21059 ||| INVOKING Heroism.
 21248 | Orc:2    | Entered Level 2 of the Orcish Mines
 21252 | Orc:2    | 21252 ||| INVOKING Heroism.
 21274 | Orc:2    | Found Nowir's Antique Weapon Emporium.
 21298 | Orc:1    | Found Ypix's Weapon Boutique.
 21366 | Orc:1    | Found Lostet's Distillery.
 21372 | Orc:1    | 21372 ||| Stepping ~*~*~tactically~*~*~ (stealth).
 21454 | Orc:1    | 21454 ||| BUYING potion of attraction (51 gold).
 21454 | Orc:1    | Bought a potion of attraction for 51 gold pieces
 21454 | Orc:1    | 21454 ||| BUYING potion of curing (51 gold).
 21454 | Orc:1    | Bought a potion of curing for 51 gold pieces
 21454 | Orc:1    | 21454 ||| BUYING potion of curing (51 gold).
 21454 | Orc:1    | Bought a potion of curing for 51 gold pieces
 21454 | Orc:1    | 21454 ||| BUYING potion of heal wounds (85 gold).
 21454 | Orc:1    | Bought a potion of heal wounds for 85 gold pieces
 21454 | Orc:1    | 21454 ||| BUYING potion of heal wounds (85 gold).
 21454 | Orc:1    | Bought a potion of heal wounds for 85 gold pieces
 21454 | Orc:1    | 21454 ||| BUYING potion of heal wounds (85 gold).
 21454 | Orc:1    | Bought a potion of heal wounds for 85 gold pieces
 21454 | Orc:1    | 21454 ||| BUYING potion of resistance (170 gold).
 21454 | Orc:1    | Bought a potion of resistance for 170 gold pieces
 21595 | Orc:2    | 21595 ||| INVOKING Heroism.
 21701 | Orc:2    | Found Viot's Antique Armour Shoppe.
 21709 | Orc:2    | 21709 ||| INVOKING Heroism.
 21748 | Orc:2    | 21748 ||| Stepping ~*~*~tactically~*~*~ (stealth).
 21770 | Orc:2    | 21770 ||| INVOKING Heroism.
 21808 | Orc:2    | 21808 ||| INVOKING Heroism.
 21836 | Orc:2    | 21836 ||| BUYING jewelled helmet (237 gold).
 21836 | Orc:2    | Bought a jewelled helmet for 237 gold pieces
 21836 | Orc:2    | Identified the +2 helmet of Midsummer {rC- Str+3 Int+4}
                  | (You bought it in a shop on level 2 of the Orcish Mines)
 21836 | Orc:2    | 21836 ||| BUYING pair of embroidered boots (187 gold).
 21836 | Orc:2    | Bought a pair of embroidered boots for 187 gold pieces
 21865 | Orc:2    | 21865 ||| INVOKING Heroism.
 21934 | Orc:2    | Found Zamiyn's Book Shoppe.
 21960 | Orc:2    | 21960 ||| DROPPING +0 pair of boots of flying.
 21969 | Orc:1    | Found Riw Ruruinou's Jewellery Shoppe.
 21974 | Orc:1    | 21974 ||| INVOKING Heroism.
 22085 | Orc:1    | 22085 ||| BUYING +5 ring of evasion (432 gold).
 22085 | Orc:1    | Bought a +5 ring of evasion for 432 gold pieces
 22085 | Orc:1    | 22085 ||| BUYING amulet of faith (480 gold).
 22085 | Orc:1    | Bought an amulet of faith for 480 gold pieces
 22085 | Orc:1    | 22085 ||| SHOPLISTING amulet of reflection (360 gold, have
                  | 215).
 22085 | Orc:1    | 22085 ||| SHOPLISTING ring of the Tortoise {AC+8} (1536
                  | gold, have 215).
 22092 | Orc:1    | Found Kawyum's Weapon Emporium.
 22104 | Orc:1    | 22104 ||| SHOPLISTING +10 war axe of Purpose {flame, rC+}
                  | (1195 gold, have 258).
 22167 | Orc:1    | 22167 ||| UPGRADING to amulet of faith.
 22172 | Orc:1    | 22172 ||| UPGRADING to +5 ring of evasion.
 22174 | Orc:1    | 22174 ||| DROPPING +6 ring of strength.
 22191 | Orc:2    | 22191 ||| INVOKING Heroism.
 22222 | Orc:2    | 22222 ||| Stepping ~*~*~tactically~*~*~ (stealth).
 22225 | Orc:2    | 22225 ||| Stepping ~*~*~tactically~*~*~ (hiding).
 22226 | Orc:2    | 22226 ||| Stepping ~*~*~tactically~*~*~ (hiding).
 22279 | Orc:2    | Found a staircase to the Elven Halls.
 22287 | Orc:2    | 22287 ||| INVOKING Heroism.
 22296 | Orc:2    | Received a gift from Okawaru
 22320 | Orc:2    | Found a burning altar of Makhleb.
 22326 | Orc:2    | Found Nosia's General Store.
 22338 | Orc:2    | 22338 ||| BUYING potion of heal wounds (60 gold).
 22338 | Orc:2    | Bought a potion of heal wounds for 60 gold pieces
 22338 | Orc:2    | 22338 ||| BUYING scroll of enchant armour (90 gold).
 22338 | Orc:2    | Bought a scroll of enchant armour for 90 gold pieces
 22338 | Orc:2    | 22338 ||| READING scroll of enchant armour.
 22338 | Orc:2    | 22338 ||| ENCHANTING +1 pair of gloves.
 22632 | Orc:2    | 22632 ||| PLANNING SWAMP:1-3
 22818 | Swamp:1  | Entered Level 1 of the Swamp
 22831 | Swamp:1  | Reached skill level 15 in Shields
 22864 | Swamp:1  | 22864 ||| Stepping ~*~*~tactically~*~*~ (stealth).
 22870 | Swamp:1  | 22870 ||| Stepping ~*~*~tactically~*~*~ (stealth).
 22871 | Swamp:1  | 22871 ||| Stepping ~*~*~tactically~*~*~ (stealth).
 22872 | Swamp:1  | 22872 ||| INVOKING Heroism.
 22874 | Swamp:1  | 22874 ||| SWAPPING to +1 war axe of flaming.
 22881 | Swamp:1  | 22881 ||| SWAPPING to +8 war axe "Sarcophage" {freeze, rF+
                  | Str+4 Dex-3 SInv}.
 22902 | Swamp:1  | 22902 ||| Stepping ~*~*~tactically~*~*~ (hiding).
 22903 | Swamp:1  | 22903 ||| INVOKING Heroism.
 22935 | Swamp:1  | 22935 ||| SWAPPING to +1 war axe of flaming.
 22937 | Swamp:1  | 22937 ||| SWAPPING to +8 war axe "Sarcophage" {freeze, rF+
                  | Str+4 Dex-3 SInv}.
 22999 | Swamp:1  | 22999 ||| Stepping ~*~*~tactically~*~*~ (hiding).
 23001 | Swamp:1  | 23001 ||| Stepping ~*~*~tactically~*~*~ (hiding).
 23003 | Swamp:1  | 23003 ||| INVOKING Heroism.
 23065 | Swamp:1  | 23065 ||| INVOKING Heroism.
 23110 | Swamp:1  | 23110 ||| INVOKING Heroism.
 23266 | Swamp:1  | 23266 ||| Stepping ~*~*~tactically~*~*~ (hiding).
 23268 | Swamp:1  | 23268 ||| INVOKING Heroism.
 23322 | Swamp:1  | 23322 ||| INVOKING Heroism.
 23512 | Swamp:1  | 23512 ||| READING scroll of acquirement.
 23512 | Swamp:1  | 23512 ||| ACQUIRING +0 broad axe of flaming
 23512 | Swamp:1  | Acquired a +0 broad axe of flaming
 23514 | Swamp:1  | 23514 ||| SWAPPING to +0 broad axe of flaming.
 23515 | Swamp:1  | 23515 ||| DROPPING +0 broad axe.
 23516 | Swamp:1  | 23516 ||| DROPPING +1 war axe of flaming.
 23517 | Swamp:1  | 23517 ||| READING 9 scrolls of enchant weapon.
 23517 | Swamp:1  | 23517 ||| ENCHANTING +0 broad axe of flaming.
 23518 | Swamp:1  | 23518 ||| READING 8 scrolls of enchant weapon.
 23518 | Swamp:1  | 23518 ||| ENCHANTING +1 broad axe of flaming.
 23519 | Swamp:1  | 23519 ||| READING 7 scrolls of enchant weapon.
 23519 | Swamp:1  | 23519 ||| ENCHANTING +2 broad axe of flaming.
 23520 | Swamp:1  | 23520 ||| READING 6 scrolls of enchant weapon.
 23520 | Swamp:1  | 23520 ||| ENCHANTING +3 broad axe of flaming.
 23521 | Swamp:1  | 23521 ||| READING 5 scrolls of enchant weapon.
 23521 | Swamp:1  | 23521 ||| ENCHANTING +4 broad axe of flaming.
 23522 | Swamp:1  | 23522 ||| READING 4 scrolls of enchant weapon.
 23522 | Swamp:1  | 23522 ||| ENCHANTING +5 broad axe of flaming.
 23523 | Swamp:1  | 23523 ||| READING 3 scrolls of enchant weapon.
 23523 | Swamp:1  | 23523 ||| ENCHANTING +6 broad axe of flaming.
 23524 | Swamp:1  | 23524 ||| READING 2 scrolls of enchant weapon.
 23524 | Swamp:1  | 23524 ||| ENCHANTING +7 broad axe of flaming.
 23525 | Swamp:1  | 23525 ||| READING scroll of enchant weapon.
 23525 | Swamp:1  | 23525 ||| ENCHANTING +8 broad axe of flaming.
 23609 | Swamp:1  | 23609 ||| DROPPING ring of positive energy.
 23651 | Swamp:2  | 23651 ||| INVOKING Heroism.
 23653 | Swamp:2  | 23653 ||| Stepping ~*~*~tactically~*~*~ (stealth).
 23666 | Swamp:2  | 23666 ||| Stepping ~*~*~tactically~*~*~ (hiding).
 23841 | Swamp:2  | 23841 ||| Stepping ~*~*~tactically~*~*~ (hiding).
 23842 | Swamp:2  | 23842 ||| Stepping ~*~*~tactically~*~*~ (hiding).
 23951 | Swamp:2  | 23951 ||| INVOKING Heroism.
 24008 | Swamp:2  | 24008 ||| INVOKING Heroism.
 24091 | Swamp:2  | 24091 ||| INVOKING Heroism.
 24129 | Swamp:2  | 24129 ||| Stepping ~*~*~tactically~*~*~ (stealth).
 24150 | Swamp:2  | Reached XP level 17. HP: 100/106 MP: 24/24
 24154 | Swamp:2  | Reached skill level 15 in Armour
 24389 | Swamp:2  | 24389 ||| Stepping ~*~*~tactically~*~*~ (stealth).
 24390 | Swamp:2  | 24390 ||| INVOKING Heroism.
 24485 | Swamp:2  | 24485 ||| INVOKING Heroism.
 24756 | Swamp:2  | 24756 ||| DROPPING +2 pair of gloves.
 24757 | Swamp:2  | 24757 ||| READING 8 scrolls of identify.
 24757 | Swamp:2  | 24757 ||| IDENTIFYING dark potion
 24758 | Swamp:2  | 24758 ||| DROPPING potion of degeneration.
 24785 | Swamp:3  | 24785 ||| INVOKING Heroism.
 24869 | Swamp:3  | 24869 ||| INVOKING Heroism.
 24891 | Swamp:3  | Noticed Mlioglotl
 24900 | Swamp:3  | Killed Mlioglotl
 24933 | Swamp:3  | 24933 ||| Stepping ~*~*~tactically~*~*~ (hiding).
 24934 | Swamp:3  | 24934 ||| Stepping ~*~*~tactically~*~*~ (hiding).
 24935 | Swamp:3  | 24935 ||| Stepping ~*~*~tactically~*~*~ (hiding).
 24937 | Swamp:3  | 24937 ||| INVOKING Heroism.
 24948 | Swamp:3  | Received a gift from Okawaru
 25050 | Swamp:3  | 25050 ||| INVOKING Heroism.
 25057 | Swamp:3  | Received a gift from Okawaru
 25146 | Swamp:3  | 25146 ||| INVOKING Heroism.
 25376 | Swamp:3  | Received a gift from Okawaru
 25422 | Swamp:3  | 25422 ||| Stepping ~*~*~tactically~*~*~ (stealth).
 25429 | Swamp:3  | 25429 ||| Stepping ~*~*~tactically~*~*~ (stealth).
 25431 | Swamp:3  | 25431 ||| Stepping ~*~*~tactically~*~*~ (stealth).
 25595 | Swamp:3  | 25595 ||| PLANNING SPIDER:1-3
 25595 | Swamp:3  | 25595 ||| READING scroll labelled XEUWIREL DEVVI.
 25630 | Swamp:3  | 25630 ||| INVOKING Heroism.
 25751 | Spider:1 | Entered Level 1 of the Spider Nest
 25762 | Spider:1 | 25762 ||| Stepping ~*~*~tactically~*~*~ (stealth).
 25787 | Spider:1 | 25787 ||| Stepping ~*~*~tactically~*~*~ (stealth).
 25964 | Spider:1 | Noticed Azrael
 25976 | Spider:1 | Killed Azrael
 26114 | Spider:1 | 26114 ||| Stepping ~*~*~tactically~*~*~ (stealth).
 26126 | Spider:1 | 26126 ||| INVOKING Heroism.
 26139 | Spider:1 | 26139 ||| INVOKING Finesse.
 26177 | Spider:1 | 26177 ||| Stepping ~*~*~tactically~*~*~ (stealth).
 26193 | Spider:1 | 26193 ||| Stepping ~*~*~tactically~*~*~ (stealth).
 26200 | Spider:1 | 26200 ||| Stepping ~*~*~tactically~*~*~ (stealth).
 26226 | Spider:1 | 26226 ||| Stepping ~*~*~tactically~*~*~ (stealth).
 26228 | Spider:1 | 26228 ||| Stepping ~*~*~tactically~*~*~ (stealth).
 26230 | Spider:1 | 26230 ||| Stepping ~*~*~tactically~*~*~ (stealth).
 26527 | Spider:1 | 26527 ||| Stepping ~*~*~tactically~*~*~ (stealth).
 26533 | Spider:1 | Received a gift from Okawaru
 26592 | Spider:1 | 26592 ||| Stepping ~*~*~tactically~*~*~ (stealth).
 26682 | Spider:1 | 26682 ||| Stepping ~*~*~tactically~*~*~ (stealth).
 26782 | Spider:1 | 26782 ||| Stepping randomly (disturbance).
 26784 | Spider:1 | 26784 ||| Stepping randomly (disturbance).
 26797 | Spider:1 | 26797 ||| Stepping ~*~*~tactically~*~*~ (hiding).
 26798 | Spider:1 | 26798 ||| Stepping ~*~*~tactically~*~*~ (hiding).
 26799 | Spider:1 | 26799 ||| Stepping ~*~*~tactically~*~*~ (hiding).
 26940 | Spider:1 | Identified the +1 robe of Husaw {Contam rC- Str+5 Int+3}
 26943 | Spider:1 | 26943 ||| DROPPING -2 hat.
 27040 | Spider:2 | 27040 ||| INVOKING Heroism.
 27042 | Spider:2 | 27042 ||| Stepping ~*~*~tactically~*~*~ (hiding).
 27103 | Spider:2 | 27103 ||| Stepping ~*~*~tactically~*~*~ (stealth).
 27185 | Spider:2 | 27185 ||| Stepping ~*~*~tactically~*~*~ (stealth).
 27188 | Spider:2 | 27188 ||| Stepping ~*~*~tactically~*~*~ (stealth).
 27222 | Spider:2 | 27222 ||| Stepping ~*~*~tactically~*~*~ (hiding).
 27225 | Spider:2 | 27225 ||| INVOKING Heroism.
 27226 | Spider:2 | 27226 ||| INVOKING Finesse.
 27243 | Spider:2 | Identified the +1 pair of gloves of the Bruised Lies {MP+9
                  | Int+2} (Okawaru gifted it to you on level 2 of the Spider
                  | Nest)
 27243 | Spider:2 | Received a gift from Okawaru
 27269 | Spider:2 | Reached skill level 13 in Fighting
 27372 | Spider:2 | 27372 ||| Stepping ~*~*~tactically~*~*~ (stealth).
 27379 | Spider:2 | 27379 ||| Stepping ~*~*~tactically~*~*~ (stealth).
 27431 | Spider:2 | 27431 ||| Stepping ~*~*~tactically~*~*~ (stealth).
 27527 | Spider:2 | 27527 ||| Stepping ~*~*~tactically~*~*~ (stealth).
 27528 | Spider:2 | 27528 ||| INVOKING Heroism.
 27535 | Spider:2 | 27535 ||| INVOKING Finesse.
 27689 | Spider:2 | 27689 ||| Stepping ~*~*~tactically~*~*~ (stealth).
 27690 | Spider:2 | 27690 ||| Stepping ~*~*~tactically~*~*~ (stealth).
 27691 | Spider:2 | 27691 ||| FLEEEEING.
 27692 | Spider:2 | 27692 ||| FLEEEEING.
 27693 | Spider:2 | 27693 ||| FLEEEEING.
 27699 | Spider:2 | Reached XP level 18. HP: 114/114 MP: 25/25
 27699 | Spider:2 | 27699 ||| SWAPPING to +8 war axe "Sarcophage" {freeze, rF+
                  | Str+4 Dex-3 SInv}.
 27704 | Spider:2 | 27704 ||| Stepping ~*~*~tactically~*~*~ (stealth).
 27886 | Spider:2 | 27886 ||| Stepping ~*~*~tactically~*~*~ (stealth).
 27894 | Spider:2 | 27894 ||| Stepping ~*~*~tactically~*~*~ (stealth).
 27895 | Spider:2 | 27895 ||| Stepping ~*~*~tactically~*~*~ (stealth).
 27910 | Spider:2 | 27910 ||| Stepping ~*~*~tactically~*~*~ (stealth).
 28141 | Spider:2 | 28141 ||| DROPPING +1 pair of gloves of the Bruised Lies
                  | {MP+9 Int+2}.
 28176 | Spider:3 | 28176 ||| INVOKING Finesse.
 28223 | Spider:3 | 28223 ||| Stepping ~*~*~tactically~*~*~ (stealth).
 28249 | Spider:3 | 28249 ||| DROPPING +1 broad axe of venom.
 28254 | Spider:3 | Found a large runed translucent door.
 28255 | Spider:3 | Found a large runed translucent door.
 28271 | Spider:3 | 28271 ||| Stepping ~*~*~tactically~*~*~ (stealth).
 28277 | Spider:3 | 28277 ||| Stepping ~*~*~tactically~*~*~ (stealth).
 28290 | Spider:3 | 28290 ||| Stepping ~*~*~tactically~*~*~ (stealth).
 28297 | Spider:3 | 28297 ||| INVOKING Heroism.
 28484 | Spider:3 | 28484 ||| INVOKING Heroism.
 28575 | Spider:3 | 28575 ||| Stepping ~*~*~tactically~*~*~ (stealth).
 28652 | Spider:3 | Identified the +3 falchion "Joas" {flame, rPois rN+ Stlth+}
 29102 | Spider:3 | Noticed qw's ghost (adept GrFi)
 29105 | Spider:3 | 29105 ||| PLANNING SWAMP:4
 29284 | Swamp:4  | Entered Level 4 of the Swamp
 29388 | Swamp:4  | 29388 ||| Stepping ~*~*~tactically~*~*~ (hiding).
 29486 | Swamp:4  | 29486 ||| INVOKING Heroism.
 29508 | Swamp:4  | Reached skill level 14 in Fighting
 29508 | Swamp:4  | 29508 ||| Stepping ~*~*~tactically~*~*~ (cloud).
 29533 | Swamp:4  | Reached skill level 18 in Shields
 29563 | Swamp:4  | 29563 ||| FLEEEEING.
 29582 | Swamp:4  | 29582 ||| FLEEEEING.
 29583 | Swamp:4  | 29583 ||| FLEEEEING.
 29690 | Swamp:4  | 29690 ||| INVOKING Heroism.
 29709 | Swamp:4  | 29709 ||| Stepping ~*~*~tactically~*~*~ (hiding).
 29710 | Swamp:4  | Paralysed by a fenstrider witch for 3 turns
 29721 | Swamp:4  | Received a gift from Okawaru
 29807 | Swamp:4  | 29807 ||| Stepping ~*~*~tactically~*~*~ (hiding).
 29809 | Swamp:4  | 29809 ||| Stepping ~*~*~tactically~*~*~ (hiding).
 29830 | Swamp:4  | 29830 ||| Stepping ~*~*~tactically~*~*~ (hiding).
 29850 | Swamp:4  | 29850 ||| INVOKING Heroism.
 29870 | Swamp:4  | 29870 ||| Stepping ~*~*~tactically~*~*~ (stealth).
 29875 | Swamp:4  | 29875 ||| Stepping ~*~*~tactically~*~*~ (hiding).
 29876 | Swamp:4  | 29876 ||| SWAPPING to +9 broad axe of flaming.
 29885 | Swamp:4  | 29885 ||| SWAPPING to +8 war axe "Sarcophage" {freeze, rF+
                  | Str+4 Dex-3 SInv}.
 29909 | Swamp:4  | 29909 ||| Stepping ~*~*~tactically~*~*~ (hiding).
 29951 | Swamp:4  | 29951 ||| Stepping ~*~*~tactically~*~*~ (stealth).
 29967 | Swamp:4  | 29967 ||| Stepping ~*~*~tactically~*~*~ (stealth).
 29969 | Swamp:4  | 29969 ||| INVOKING Heroism.
 29970 | Swamp:4  | 29970 ||| INVOKING Finesse.
 29976 | Swamp:4  | 29976 ||| SWAPPING to +9 broad axe of flaming.
 29989 | Swamp:4  | 29989 ||| SWAPPING to +8 war axe "Sarcophage" {freeze, rF+
                  | Str+4 Dex-3 SInv}.
 29990 | Swamp:4  | 29990 ||| SWAPPING to +9 broad axe of flaming.
 29994 | Swamp:4  | 29994 ||| SWAPPING to +8 war axe "Sarcophage" {freeze, rF+
                  | Str+4 Dex-3 SInv}.
 30044 | Swamp:4  | Got a decaying rune of Zot
 30082 | Swamp:4  | 30082 ||| Stepping ~*~*~tactically~*~*~ (stealth).
 30083 | Swamp:4  | 30083 ||| INVOKING Heroism.
 30084 | Swamp:4  | 30084 ||| SWAPPING to +9 broad axe of flaming.
 30092 | Swamp:4  | 30092 ||| SWAPPING to +8 war axe "Sarcophage" {freeze, rF+
                  | Str+4 Dex-3 SInv}.
 30099 | Swamp:4  | Reached skill level 18 in Armour
 30283 | Swamp:4  | 30283 ||| PLANNING VAULTS:1-4
 30283 | Swamp:4  | 30283 ||| SWAPPING to +10 war axe of Atoed {freeze, rN+
                  | Will+++ Stlth+}.
 30284 | Swamp:4  | 30284 ||| DROPPING scarf of shadows.
 30522 | Vaults:1 | Entered Level 1 of the Vaults
 30698 | Vaults:1 | 30698 ||| Stepping ~*~*~tactically~*~*~ (hiding).
 30710 | Vaults:1 | Identified the +0 pair of boots "Lyvaczia" {rCorr Str+2}
                  | (Okawaru gifted it to you on level 1 of the Vaults)
 30710 | Vaults:1 | Received a gift from Okawaru
 30771 | Vaults:1 | Found Risup's Weapon Shop.
 30799 | Vaults:1 | Reached XP level 19. HP: 115/122 MP: 26/26
 30806 | Vaults:1 | Reached skill level 15 in Fighting
 30950 | Vaults:1 | 30950 ||| Stepping ~*~*~tactically~*~*~ (stealth).
 30978 | Vaults:1 | 30978 ||| INVOKING Heroism.
 31249 | Vaults:1 | 31249 ||| INVOKING Heroism.
 31254 | Vaults:1 | 31254 ||| Stepping ~*~*~tactically~*~*~ (hiding).
 31672 | Vaults:1 | 31672 ||| FLEEEEING.
 31673 | Vaults:1 | 31673 ||| FLEEEEING.
 31674 | Vaults:1 | 31674 ||| FLEEEEING.
 31675 | Vaults:1 | 31675 ||| FLEEEEING.
 31676 | Vaults:1 | 31676 ||| FLEEEEING.
 31677 | Vaults:1 | 31677 ||| FLEEEEING.
 31678 | Vaults:1 | 31678 ||| FLEEEEING.
 31679 | Vaults:1 | 31679 ||| FLEEEEING.
 31680 | Vaults:1 | 31680 ||| FLEEEEING.
 31686 | Vaults:1 | 31686 ||| FLEEEEING.
 31687 | Vaults:1 | 31687 ||| FLEEEEING.
 31688 | Vaults:1 | 31688 ||| FLEEEEING.
 31689 | Vaults:1 | 31689 ||| FLEEEEING.
 31697 | Vaults:1 | 31697 ||| FLEEEEING.
 31698 | Vaults:1 | 31698 ||| FLEEEEING.
 31699 | Vaults:1 | 31699 ||| FLEEEEING.
 31700 | Vaults:1 | 31700 ||| FLEEEEING.
 31701 | Vaults:1 | 31701 ||| FLEEEEING.
 31702 | Vaults:1 | 31702 ||| FLEEEEING.
 31703 | Vaults:1 | 31703 ||| FLEEEEING.
 31704 | Vaults:1 | 31704 ||| FLEEEEING.
 31705 | Vaults:1 | 31705 ||| FLEEEEING.
 31706 | Vaults:1 | 31706 ||| FLEEEEING.
 31707 | Vaults:1 | 31707 ||| FLEEEEING.
 31708 | Vaults:1 | 31708 ||| FLEEEEING.
 32030 | Vaults:1 | 32030 ||| Stepping ~*~*~tactically~*~*~ (hiding).
 32515 | Vaults:2 | Received a gift from Okawaru
 32605 | Vaults:2 | 32605 ||| INVOKING Heroism.
 32606 | Vaults:2 | 32606 ||| INVOKING Finesse.
 32855 | Vaults:2 | Found a transporter.
 32866 | Vaults:2 | Found a transporter.
 32957 | Vaults:2 | Received a gift from Okawaru
 33131 | Vaults:2 | 33131 ||| Stepping ~*~*~tactically~*~*~ (stealth).
 33152 | Vaults:2 | Received a gift from Okawaru
 33153 | Vaults:2 | 33153 ||| FLEEEEING.
 33153 | Vaults:2 | Noticed Bai Suzhen
 33154 | Vaults:2 | 33154 ||| FLEEEEING.
 33155 | Vaults:2 | 33155 ||| INVOKING Heroism.
 33156 | Vaults:2 | 33156 ||| SWAPPING to +9 broad axe of flaming.
 33157 | Vaults:2 | 33157 ||| INVOKING Finesse.
 33172 | Vaults:2 | 33172 ||| SWAPPING to +10 war axe of Atoed {freeze, rN+
                  | Will+++ Stlth+}.
 33186 | Vaults:2 | Killed Bai Suzhen
 33187 | Vaults:2 | Reached skill level 16 in Fighting
 33187 | Vaults:2 | 33187 ||| Stepping ~*~*~tactically~*~*~ (cloud).
 33300 | Vaults:2 | 33300 ||| Stepping ~*~*~tactically~*~*~ (stealth).
 33357 | Vaults:2 | Reached skill level 6 in Throwing
 33423 | Vaults:2 | 33423 ||| Stepping ~*~*~tactically~*~*~ (hiding).
 33484 | Vaults:2 | 33484 ||| Stepping ~*~*~tactically~*~*~ (stealth).
 33486 | Vaults:2 | 33486 ||| Stepping ~*~*~tactically~*~*~ (stealth).
 33488 | Vaults:2 | 33488 ||| Stepping ~*~*~tactically~*~*~ (stealth).
 33599 | Vaults:2 | 33599 ||| INVOKING Heroism.
 33605 | Vaults:2 | Received a gift from Okawaru
 33605 | Vaults:2 | Found the +2 shield of Resistance {rF++ rC++ Will++}
 33608 | Vaults:2 | Reached XP level 20. HP: 127/131 MP: 25/27
 33858 | Vaults:2 | 33858 ||| UPGRADING to +2 shield of Resistance {rF++ rC++
                  | Will++}.
 33868 | Vaults:2 | 33868 ||| UPGRADING to +2 helmet of Midsummer {rC- Str+3
                  | Int+4}.
 33933 | Vaults:3 | 33933 ||| Stepping ~*~*~tactically~*~*~ (stealth).
 33934 | Vaults:3 | 33934 ||| Stepping ~*~*~tactically~*~*~ (stealth).
 33946 | Vaults:3 | 33946 ||| INVOKING Heroism.
 33968 | Vaults:3 | 33968 ||| Stepping ~*~*~tactically~*~*~ (hiding).
 33971 | Vaults:3 | 33971 ||| Stepping ~*~*~tactically~*~*~ (hiding).
 33985 | Vaults:3 | 33985 ||| Stepping ~*~*~tactically~*~*~ (hiding).
 33987 | Vaults:3 | 33987 ||| Stepping ~*~*~tactically~*~*~ (hiding).
 34149 | Vaults:3 | Noticed Boris
 34150 | Vaults:3 | 34150 ||| INVOKING Heroism.
 34151 | Vaults:3 | 34151 ||| INVOKING Finesse.
 34169 | Vaults:3 | Killed Boris
 34349 | Vaults:3 | Found Idiril's Jewellery Boutique.
 34427 | Vaults:3 | 34427 ||| BUYING amulet of regeneration (450 gold).
 34427 | Vaults:3 | Bought an amulet of regeneration for 450 gold pieces
 34427 | Vaults:3 | 34427 ||| BUYING ring of the Little Devil {rPois rF- rCorr
                  | SInv Stlth-} (351 gold).
 34427 | Vaults:3 | Bought the ring of the Little Devil {rPois rF- rCorr SInv
                  | Stlth-} for 351 gold pieces
 34565 | Vaults:3 | Found Oleh's Antique Armour Shoppe.
 34657 | Vaults:3 | Found Anemiqol's Antique Weapon Emporium.
 34681 | Vaults:3 | Found Qicijitz's General Store.
 34687 | Vaults:3 | 34687 ||| BUYING 2 potions of mutation (192 gold).
 34687 | Vaults:3 | Bought 2 potions of mutation for 192 gold pieces
 34687 | Vaults:3 | 34687 ||| BUYING potion of curing (36 gold).
 34687 | Vaults:3 | Bought a potion of curing for 36 gold pieces
 34687 | Vaults:3 | 34687 ||| BUYING potion of curing (36 gold).
 34687 | Vaults:3 | Bought a potion of curing for 36 gold pieces
 34767 | Vaults:3 | 34767 ||| Stepping ~*~*~tactically~*~*~ (stealth).
 34861 | Vaults:3 | Noticed Saint Roka
 34875 | Vaults:3 | 34875 ||| INVOKING Heroism.
 34884 | Vaults:3 | Killed Saint Roka
 35131 | Vaults:3 | Found Melaffua's Magic Scroll Shop.
 35137 | Vaults:3 | 35137 ||| BUYING scroll of enchant armour (135 gold).
 35137 | Vaults:3 | Bought a scroll of enchant armour for 135 gold pieces
 35137 | Vaults:3 | 35137 ||| BUYING scroll of teleportation (54 gold).
 35137 | Vaults:3 | Bought a scroll of teleportation for 54 gold pieces
 35137 | Vaults:3 | 35137 ||| BUYING scroll of teleportation (54 gold).
 35137 | Vaults:3 | Bought a scroll of teleportation for 54 gold pieces
 35170 | Vaults:3 | 35170 ||| Stepping ~*~*~tactically~*~*~ (hiding).
 35174 | Vaults:3 | 35174 ||| Stepping ~*~*~tactically~*~*~ (hiding).
 35219 | Vaults:3 | Found a staircase to the Crypt.
 35389 | Vaults:3 | 35389 ||| Stepping ~*~*~tactically~*~*~ (hiding).
 35509 | Vaults:3 | 35509 ||| DROPPING amulet of guardian spirit.
 35514 | Vaults:3 | 35514 ||| INVOKING Heroism.
 35515 | Vaults:3 | 35515 ||| INVOKING Finesse.
 35773 | Vaults:4 | Received a gift from Okawaru
 35774 | Vaults:4 | Reached skill level 9 in Throwing
 35857 | Vaults:4 | Received a gift from Okawaru
 35891 | Vaults:4 | 35891 ||| Stepping ~*~*~tactically~*~*~ (hiding).
 35893 | Vaults:4 | 35893 ||| Stepping ~*~*~tactically~*~*~ (hiding).
 35894 | Vaults:4 | 35894 ||| Stepping ~*~*~tactically~*~*~ (hiding).
 35895 | Vaults:4 | 35895 ||| Stepping ~*~*~tactically~*~*~ (hiding).
 35898 | Vaults:4 | Noticed Mennas
 35899 | Vaults:4 | 35899 ||| INVOKING Heroism.
 35900 | Vaults:4 | 35900 ||| INVOKING Finesse.
 35941 | Vaults:4 | Killed Mennas
 35941 | Vaults:4 | Received a gift from Okawaru
 36128 | Vaults:4 | Noticed Aizul
 36129 | Vaults:4 | 36129 ||| Stepping ~*~*~tactically~*~*~ (hiding).
 36133 | Vaults:4 | 36133 ||| Stepping ~*~*~tactically~*~*~ (hiding).
 36142 | Vaults:4 | 36142 ||| Stepping ~*~*~tactically~*~*~ (hiding).
 36166 | Vaults:4 | Killed Aizul
 36208 | Vaults:4 | 36208 ||| Stepping ~*~*~tactically~*~*~ (hiding).
 36210 | Vaults:4 | 36210 ||| Stepping ~*~*~tactically~*~*~ (stealth).
 36265 | Vaults:4 | 36265 ||| Stepping ~*~*~tactically~*~*~ (stealth).
 36314 | Vaults:4 | 36314 ||| Stepping ~*~*~tactically~*~*~ (stealth).
 36348 | Vaults:4 | Noticed Mara
 36348 | Vaults:4 | 36348 ||| Stepping ~*~*~tactically~*~*~ (stealth).
 36350 | Vaults:4 | 36350 ||| Stepping ~*~*~tactically~*~*~ (hiding).
 36355 | Vaults:4 | 36355 ||| INVOKING Heroism.
 36357 | Vaults:4 | 36357 ||| INVOKING Finesse.
 36369 | Vaults:4 | 36369 ||| Stepping ~*~*~tactically~*~*~ (hiding).
 36382 | Vaults:4 | Killed Mara
 36382 | Vaults:4 | Received a gift from Okawaru
 36602 | Vaults:4 | Reached skill level 17 in Fighting
 36976 | Vaults:4 | 36976 ||| INVOKING Heroism.
 36977 | Vaults:4 | 36977 ||| INVOKING Finesse.
 36982 | Vaults:4 | Received a gift from Okawaru
 37050 | Vaults:4 | 37050 ||| INVOKING Heroism.
 37066 | Vaults:4 | HP: 31/134 [vault warden/+4 dire flail of protection (11)]
 37067 | Vaults:4 | 37067 ||| READING 11 scrolls of teleportation.
 37068 | Vaults:4 | 37068 ||| DRINKING 8 potions of heal wounds.
 37245 | Vaults:4 | 37245 ||| Stepping ~*~*~tactically~*~*~ (hiding).
 37296 | Vaults:4 | 37296 ||| Stepping ~*~*~tactically~*~*~ (stealth).
 37319 | Vaults:4 | 37319 ||| Stepping ~*~*~tactically~*~*~ (stealth).
 37334 | Vaults:4 | 37334 ||| Stepping ~*~*~tactically~*~*~ (hiding).
 37337 | Vaults:4 | 37337 ||| Stepping ~*~*~tactically~*~*~ (hiding).
 37401 | Vaults:4 | 37401 ||| Stepping ~*~*~tactically~*~*~ (stealth).
 37409 | Vaults:4 | 37409 ||| Stepping ~*~*~tactically~*~*~ (hiding).
 37514 | Vaults:4 | Received a gift from Okawaru
 37521 | Vaults:4 | Reached XP level 21. HP: 131/139 MP: 28/28
 37682 | Vaults:4 | 37682 ||| PLANNING SPIDER:4
 37682 | Vaults:4 | 37682 ||| SWAPPING to +8 war axe "Sarcophage" {freeze, rF+
                  | Str+4 Dex-3 SInv}.
 37879 | D:14     | 37879 ||| Stepping ~*~*~tactically~*~*~ (hiding).
 38121 | Spider:4 | Entered Level 4 of the Spider Nest
 38137 | Spider:4 | Found the +3 pair of seven-league boots {Rampage+∞}
 38146 | Spider:4 | Received a gift from Okawaru
 38240 | Spider:4 | 38240 ||| Stepping ~*~*~tactically~*~*~ (stealth).
 38251 | Spider:4 | 38251 ||| Stepping ~*~*~tactically~*~*~ (hiding).
 38292 | Spider:4 | Noticed Donald
 38308 | Spider:4 | 38308 ||| INVOKING Heroism.
 38319 | Spider:4 | Killed Donald
 38366 | Spider:4 | Received a gift from Okawaru
 38369 | Spider:4 | Reached skill level 18 in Fighting
 38526 | Spider:4 | 38526 ||| Stepping ~*~*~tactically~*~*~ (stealth).
 38555 | Spider:4 | 38555 ||| Stepping ~*~*~tactically~*~*~ (stealth).
 38606 | Spider:4 | 38606 ||| Stepping ~*~*~tactically~*~*~ (stealth).
 38614 | Spider:4 | 38614 ||| Stepping ~*~*~tactically~*~*~ (stealth).
 38659 | Spider:4 | 38659 ||| Stepping ~*~*~tactically~*~*~ (stealth).
 38731 | Spider:4 | Identified the +0 trident of Okawaru, Hugging {spect, rN++}
                  | (Okawaru gifted it to you on level 4 of the Spider Nest)
 38731 | Spider:4 | Received a gift from Okawaru
 38784 | Spider:4 | 38784 ||| Stepping ~*~*~tactically~*~*~ (stealth).
 38790 | Spider:4 | 38790 ||| Stepping ~*~*~tactically~*~*~ (hiding).
 38945 | Spider:4 | 38945 ||| INVOKING Finesse.
 39511 | Spider:4 | Got a gossamer rune of Zot
 39549 | Spider:4 | 39549 ||| PLANNING DEPTHS
 39549 | Spider:4 | 39549 ||| DROPPING +2 hat of stealth.
 39857 | Depths:1 | Entered Level 1 of the Depths
 39893 | Depths:1 | Reached skill level 21 in Armour
 39921 | Depths:1 | 39921 ||| Stepping ~*~*~tactically~*~*~ (cloud).
 39933 | Depths:1 | 39933 ||| Stepping ~*~*~tactically~*~*~ (hiding).
 39983 | Depths:1 | Found a one-way gateway to a ziggurat.
 40099 | Depths:1 | 40099 ||| Stepping ~*~*~tactically~*~*~ (stealth).
 40101 | Depths:1 | 40101 ||| Stepping ~*~*~tactically~*~*~ (hiding).
 40131 | Depths:1 | Received a gift from Okawaru
 40257 | Depths:1 | Found a one-way gate leading to the halls of Pandemonium.
 40278 | Depths:1 | Found a transporter.
 40305 | Depths:1 | Found a basalt altar of Yredelemnul.
 40561 | Depths:1 | Received a gift from Okawaru
 40758 | Depths:1 | 40758 ||| DROPPING +2 pair of boots.
 40793 | Depths:2 | Reached ****** piety under Okawaru
 40914 | Depths:2 | Noticed a golden dragon
 40915 | Depths:2 | 40915 ||| Stepping ~*~*~tactically~*~*~ (hiding).
 40919 | Depths:2 | 40919 ||| INVOKING Heroism.
 40921 | Depths:2 | 40921 ||| INVOKING Finesse.
 40933 | Depths:2 | Killed a golden dragon
 40933 | Depths:2 | Received a gift from Okawaru
 40935 | Depths:2 | 40935 ||| Stepping ~*~*~tactically~*~*~ (hiding).
 41100 | Depths:2 | 41100 ||| INVOKING Heroism.
 41273 | Depths:2 | Noticed a caustic shrike
 41274 | Depths:2 | 41274 ||| INVOKING Heroism.
 41275 | Depths:2 | 41275 ||| INVOKING Finesse.
 41292 | Depths:2 | Killed a caustic shrike
 41293 | Depths:2 | Noticed Asterion
 41316 | Depths:2 | Killed Asterion
 41346 | Depths:2 | 41346 ||| SWAPPING to +1 spectral broad axe.
 41347 | Depths:2 | 41347 ||| DROPPING +10 war axe of Atoed {freeze, rN+
                  | Will+++ Stlth+}.
 41348 | Depths:2 | 41348 ||| READING 4 scrolls of enchant weapon.
 41348 | Depths:2 | 41348 ||| ENCHANTING +1 spectral broad axe.
 41349 | Depths:2 | 41349 ||| READING 3 scrolls of enchant weapon.
 41349 | Depths:2 | 41349 ||| ENCHANTING +2 spectral broad axe.
 41350 | Depths:2 | 41350 ||| DROPPING +3 broad axe "Liogh" {drain, rC+
                  | Stlth+}.
 41351 | Depths:2 | 41351 ||| READING 2 scrolls of enchant weapon.
 41351 | Depths:2 | 41351 ||| ENCHANTING +3 spectral broad axe.
 41352 | Depths:2 | 41352 ||| READING scroll of enchant weapon.
 41352 | Depths:2 | 41352 ||| ENCHANTING +4 spectral broad axe.
 41372 | Depths:2 | 41372 ||| READING scroll of enchant weapon.
 41372 | Depths:2 | 41372 ||| ENCHANTING +5 spectral broad axe.
 41619 | Depths:2 | 41619 ||| FLEEEEING.
 41620 | Depths:2 | 41620 ||| FLEEEEING.
 41621 | Depths:2 | 41621 ||| FLEEEEING.
 41623 | Depths:2 | 41623 ||| FLEEEEING.
 41624 | Depths:2 | 41624 ||| FLEEEEING.
 41625 | Depths:2 | 41625 ||| FLEEEEING.
 41626 | Depths:2 | 41626 ||| FLEEEEING.
 41627 | Depths:2 | 41627 ||| FLEEEEING.
 41628 | Depths:2 | 41628 ||| FLEEEEING.
 41629 | Depths:2 | 41629 ||| STAIRDANCE
 41731 | Depths:1 | 41731 ||| DROPPING ring of fire.
 41806 | Depths:2 | Found Citwuosm's Jewellery Emporium.
 41806 | Depths:2 | Found Rod Caak's Book Boutique.
 41807 | Depths:2 | Found Canoarimaus's Jewellery Emporium.
 41813 | Depths:2 | 41813 ||| BUYING amulet of reflection (420 gold).
 41813 | Depths:2 | Bought an amulet of reflection for 420 gold pieces
 41813 | Depths:2 | 41813 ||| SHOPLISTING ring of Fobbut {rC- Str+6 Dex+6} (680
                  | gold, have 62).
 41813 | Depths:2 | 41813 ||| SHOPLISTING ring of Neurosis {Wiz Will+ rCorr
                  | Str-2} (616 gold, have 62).
 42054 | Depths:2 | 42054 ||| DROPPING amulet of regeneration.
 42254 | Depths:2 | 42254 ||| INVOKING Heroism.
 42255 | Depths:2 | Noticed Sojobo
 42256 | Depths:2 | 42256 ||| INVOKING Finesse.
 42257 | Depths:2 | 42257 ||| INVOKING Finesse.
 42277 | Depths:2 | Killed Sojobo
 42325 | Depths:2 | 42325 ||| Stepping ~*~*~tactically~*~*~ (hiding).
 42326 | Depths:2 | 42326 ||| INVOKING Heroism.
 42387 | Depths:3 | 42387 ||| INVOKING Heroism.
 42388 | Depths:3 | 42388 ||| INVOKING Finesse.
 42396 | Depths:3 | Reached XP level 22. HP: 148/148 MP: 22/29
 42571 | Depths:3 | Found a one-way gate to the infinite horrors of the Abyss.
 42589 | Depths:3 | 42589 ||| FLEEEEING.
 42604 | Depths:3 | 42604 ||| FLEEEEING.
 42605 | Depths:3 | 42605 ||| FLEEEEING.
 42606 | Depths:3 | 42606 ||| FLEEEEING.
 42607 | Depths:3 | 42607 ||| FLEEEEING.
 42608 | Depths:3 | 42608 ||| FLEEEEING.
 42609 | Depths:3 | 42609 ||| FLEEEEING.
 42610 | Depths:3 | 42610 ||| FLEEEEING.
 42611 | Depths:3 | 42611 ||| FLEEEEING.
 42612 | Depths:3 | 42612 ||| FLEEEEING.
 42613 | Depths:3 | 42613 ||| FLEEEEING.
 42614 | Depths:3 | 42614 ||| FLEEEEING.
 42615 | Depths:3 | 42615 ||| FLEEEEING.
 42616 | Depths:3 | 42616 ||| FLEEEEING.
 42617 | Depths:3 | 42617 ||| FLEEEEING.
 42618 | Depths:3 | 42618 ||| FLEEEEING.
 42619 | Depths:3 | 42619 ||| FLEEEEING.
 42620 | Depths:3 | 42620 ||| FLEEEEING.
 42621 | Depths:3 | 42621 ||| FLEEEEING.
 42622 | Depths:3 | 42622 ||| FLEEEEING.
 42623 | Depths:3 | 42623 ||| FLEEEEING.
 42624 | Depths:3 | 42624 ||| FLEEEEING.
 42625 | Depths:3 | 42625 ||| FLEEEEING.
 42626 | Depths:3 | 42626 ||| FLEEEEING.
 42627 | Depths:3 | 42627 ||| FLEEEEING.
 42628 | Depths:3 | 42628 ||| FLEEEEING.
 42718 | Depths:3 | 42718 ||| INVOKING Heroism.
 42719 | Depths:3 | 42719 ||| Stepping ~*~*~tactically~*~*~ (hiding).
 42722 | Depths:3 | 42722 ||| INVOKING Finesse.
 42727 | Depths:3 | Noticed Boris
 42730 | Depths:3 | Reached skill level 18 in Axes
 42734 | Depths:3 | 42734 ||| Stepping ~*~*~tactically~*~*~ (hiding).
 42751 | Depths:3 | Killed Boris
 42764 | Depths:3 | Reached skill level 6 in Dodging
 42764 | Depths:3 | 42764 ||| Stepping ~*~*~tactically~*~*~ (hiding).
 42828 | Depths:3 | 42828 ||| FLEEEEING.
 42829 | Depths:3 | 42829 ||| FLEEEEING.
 42834 | Depths:3 | 42834 ||| FLEEEEING.
 42835 | Depths:3 | 42835 ||| FLEEEEING.
 42836 | Depths:3 | 42836 ||| FLEEEEING.
 42837 | Depths:3 | 42837 ||| FLEEEEING.
 42838 | Depths:3 | 42838 ||| FLEEEEING.
 42839 | Depths:3 | 42839 ||| FLEEEEING.
 42840 | Depths:3 | 42840 ||| FLEEEEING.
 42841 | Depths:3 | 42841 ||| FLEEEEING.
 42842 | Depths:3 | 42842 ||| FLEEEEING.
 42843 | Depths:3 | 42843 ||| FLEEEEING.
 42844 | Depths:3 | 42844 ||| FLEEEEING.
 42845 | Depths:3 | 42845 ||| FLEEEEING.
 42846 | Depths:3 | 42846 ||| FLEEEEING.
 42847 | Depths:3 | 42847 ||| FLEEEEING.
 42848 | Depths:3 | 42848 ||| FLEEEEING.
 42849 | Depths:3 | 42849 ||| STAIRDANCE
 42933 | Depths:3 | 42933 ||| FLEEEEING.
 42934 | Depths:3 | 42934 ||| FLEEEEING.
 42935 | Depths:3 | 42935 ||| FLEEEEING.
 42936 | Depths:3 | 42936 ||| FLEEEEING.
 42937 | Depths:3 | 42937 ||| FLEEEEING.
 42938 | Depths:3 | 42938 ||| FLEEEEING.
 42939 | Depths:3 | 42939 ||| FLEEEEING.
 42940 | Depths:3 | 42940 ||| FLEEEEING.
 42941 | Depths:3 | 42941 ||| FLEEEEING.
 42942 | Depths:3 | 42942 ||| FLEEEEING.
 42943 | Depths:3 | 42943 ||| FLEEEEING.
 42944 | Depths:3 | 42944 ||| FLEEEEING.
 42945 | Depths:3 | 42945 ||| FLEEEEING.
 42946 | Depths:3 | 42946 ||| FLEEEEING.
 42947 | Depths:3 | 42947 ||| FLEEEEING.
 42948 | Depths:3 | 42948 ||| FLEEEEING.
 42949 | Depths:3 | 42949 ||| FLEEEEING.
 42950 | Depths:3 | 42950 ||| FLEEEEING.
 42952 | Depths:3 | 42952 ||| STAIRDANCE
 43056 | Depths:3 | 43056 ||| INVOKING Heroism.
 43057 | Depths:3 | 43057 ||| INVOKING Finesse.
 43062 | Depths:3 | Noticed a golden dragon
 43067 | Depths:3 | Killed a golden dragon
 43070 | Depths:3 | 43070 ||| Stepping ~*~*~tactically~*~*~ (stealth).
 43084 | Depths:3 | Reached skill level 19 in Fighting
 43116 | Depths:3 | Noticed a juggernaut
 43128 | Depths:3 | Killed a juggernaut
 43133 | Depths:3 | 43133 ||| INVOKING Heroism.
 43175 | Depths:3 | 43175 ||| Stepping ~*~*~tactically~*~*~ (stealth).
 43176 | Depths:3 | 43176 ||| INVOKING Finesse.
 43201 | Depths:3 | 43201 ||| Stepping ~*~*~tactically~*~*~ (hiding).
 43312 | Depths:3 | 43312 ||| INVOKING Finesse.
 43368 | Depths:3 | 43368 ||| Stepping ~*~*~tactically~*~*~ (hiding).
 43444 | Depths:3 | 43444 ||| Stepping ~*~*~tactically~*~*~ (hiding).
 43448 | Depths:3 | 43448 ||| INVOKING Heroism.
 43478 | Depths:3 | Identified the ring of Zyicawue {Ice Will+}
 43478 | Depths:3 | Noticed Josephina
 43479 | Depths:3 | 43479 ||| Stepping ~*~*~tactically~*~*~ (hiding).
 43482 | Depths:3 | 43482 ||| Stepping ~*~*~tactically~*~*~ (hiding).
 43483 | Depths:3 | 43483 ||| Stepping ~*~*~tactically~*~*~ (hiding).
 43484 | Depths:3 | 43484 ||| Stepping ~*~*~tactically~*~*~ (hiding).
 43485 | Depths:3 | 43485 ||| INVOKING Finesse.
 43493 | Depths:3 | 43493 ||| INVOKING Heroism.
 43503 | Depths:3 | Killed Josephina
 43503 | Depths:3 | Received a gift from Okawaru
 43766 | Depths:3 | 43766 ||| Stepping ~*~*~tactically~*~*~ (hiding).
 43846 | Depths:3 | 43846 ||| Stepping ~*~*~tactically~*~*~ (stealth).
 43850 | Depths:3 | 43850 ||| Stepping ~*~*~tactically~*~*~ (hiding).
 43857 | Depths:3 | 43857 ||| Stepping ~*~*~tactically~*~*~ (hiding).
 43863 | Depths:3 | Received a gift from Okawaru
 43894 | Depths:3 | 43894 ||| Stepping ~*~*~tactically~*~*~ (stealth).
 43895 | Depths:3 | 43895 ||| Stepping ~*~*~tactically~*~*~ (stealth).
 43898 | Depths:3 | 43898 ||| Stepping ~*~*~tactically~*~*~ (stealth).
 43994 | Depths:3 | 43994 ||| INVOKING Finesse.
 44122 | Depths:3 | Found Ynkae's Antique Weapon Emporium.
 44130 | Depths:3 | Reached skill level 20 in Fighting
 44214 | Depths:3 | 44214 ||| INVOKING Finesse.
 44242 | Depths:3 | 44242 ||| Stepping ~*~*~tactically~*~*~ (stealth).
 44245 | Depths:3 | 44245 ||| Stepping ~*~*~tactically~*~*~ (stealth).
 44247 | Depths:3 | 44247 ||| Stepping ~*~*~tactically~*~*~ (hiding).
 44249 | Depths:3 | 44249 ||| Stepping ~*~*~tactically~*~*~ (hiding).
 44250 | Depths:3 | 44250 ||| INVOKING Heroism.
 44390 | Depths:3 | 44390 ||| FLEEEEING.
 44402 | Depths:3 | 44402 ||| FLEEEEING.
 44403 | Depths:3 | 44403 ||| FLEEEEING.
 44404 | Depths:3 | 44404 ||| FLEEEEING.
 44405 | Depths:3 | 44405 ||| FLEEEEING.
 44406 | Depths:3 | 44406 ||| FLEEEEING.
 44407 | Depths:3 | 44407 ||| FLEEEEING.
 44408 | Depths:3 | 44408 ||| FLEEEEING.
 44409 | Depths:3 | 44409 ||| FLEEEEING.
 44412 | Depths:3 | 44412 ||| FLEEEEING.
 44413 | Depths:3 | 44413 ||| FLEEEEING.
 44496 | Depths:3 | 44496 ||| Stepping ~*~*~tactically~*~*~ (hiding).
 44608 | Depths:3 | 44608 ||| INVOKING Heroism.
 44681 | Depths:3 | 44681 ||| INVOKING Heroism.
 44753 | Depths:3 | Noticed a juggernaut
 44755 | Depths:3 | 44755 ||| INVOKING Heroism.
 44763 | Depths:3 | Killed a juggernaut
 44763 | Depths:3 | Received a gift from Okawaru
 44958 | Depths:3 | 44958 ||| DROPPING ring of ice.
 44974 | Depths:4 | Entered Level 4 of the Depths
 44997 | Depths:4 | 44997 ||| INVOKING Heroism.
 45068 | Depths:4 | 45068 ||| INVOKING Heroism.
 45072 | Depths:4 | 45072 ||| Stepping ~*~*~tactically~*~*~ (hiding).
 45124 | Depths:4 | Received a gift from Okawaru
 45148 | Depths:4 | 45148 ||| Stepping ~*~*~tactically~*~*~ (stealth).
 45155 | Depths:4 | 45155 ||| Stepping ~*~*~tactically~*~*~ (hiding).
 45252 | Depths:4 | 45252 ||| INVOKING Heroism.
 45328 | Depths:4 | 45328 ||| Stepping ~*~*~tactically~*~*~ (hiding).
 45329 | Depths:4 | 45329 ||| Stepping ~*~*~tactically~*~*~ (hiding).
 45373 | Depths:4 | 45373 ||| Stepping ~*~*~tactically~*~*~ (hiding).
 45391 | Depths:4 | 45391 ||| FLEEEEING.
 45464 | Depths:4 | 45464 ||| Stepping ~*~*~tactically~*~*~ (hiding).
 45466 | Depths:4 | 45466 ||| Stepping ~*~*~tactically~*~*~ (hiding).
 45467 | Depths:4 | 45467 ||| Stepping ~*~*~tactically~*~*~ (hiding).
 45480 | Depths:4 | 45480 ||| INVOKING Finesse.
 45485 | Depths:4 | Reached XP level 23. HP: 126/159 MP: 24/30
 45516 | Depths:4 | Reached skill level 21 in Fighting
 45623 | Depths:4 | 45623 ||| Stepping ~*~*~tactically~*~*~ (hiding).
 45625 | Depths:4 | 45625 ||| INVOKING Heroism.
 45629 | Depths:4 | 45629 ||| Stepping ~*~*~tactically~*~*~ (hiding).
 45636 | Depths:4 | 45636 ||| Stepping ~*~*~tactically~*~*~ (hiding).
 45659 | Depths:4 | 45659 ||| INVOKING Heroism.
 45783 | Depths:4 | 45783 ||| Stepping ~*~*~tactically~*~*~ (hiding).
 45801 | Depths:4 | 45801 ||| INVOKING Heroism.
 45817 | Depths:4 | 45817 ||| Stepping ~*~*~tactically~*~*~ (hiding).
 45850 | Depths:4 | Noticed a golden dragon
 45851 | Depths:4 | 45851 ||| INVOKING Heroism.
 45852 | Depths:4 | 45852 ||| INVOKING Finesse.
 45856 | Depths:4 | 45856 ||| Stepping ~*~*~tactically~*~*~ (hiding).
 45870 | Depths:4 | Killed a golden dragon
 45875 | Depths:4 | Found a gate to the Realm of Zot.
 45894 | Depths:4 | Received a gift from Okawaru
 45920 | Depths:4 | 45920 ||| INVOKING Heroism.
 45956 | Depths:4 | 45956 ||| FLEEEEING.
 46190 | Depths:4 | Found a radiant altar of Vehumet.
 46295 | Depths:4 | 46295 ||| Stepping ~*~*~tactically~*~*~ (hiding).
 46475 | Depths:4 | 46475 ||| INVOKING Heroism.
 46476 | Depths:4 | 46476 ||| INVOKING Finesse.
 46975 | Depths:4 | 46975 ||| PLANNING VAULTS:5
 47418 | Vaults:5 | Entered Level 5 of the Vaults
 47419 | Vaults:5 | 47419 ||| INVOKING Heroism.
 47425 | Vaults:5 | Received a gift from Okawaru
 47427 | Vaults:5 | Reached skill level 12 in Throwing
 47429 | Vaults:5 | Reached skill level 22 in Fighting
 47436 | Vaults:5 | 47436 ||| STAIRDANCE
 47619 | Vaults:5 | 47619 ||| INVOKING Heroism.
 47620 | Vaults:5 | 47620 ||| INVOKING Finesse.
 47624 | Vaults:5 | Received a gift from Okawaru
 47673 | Vaults:5 | Received a gift from Okawaru
 47685 | Vaults:5 | HP: 32/162 [yaktaur captain/bolt (15)]
 47686 | Vaults:5 | 47686 ||| READING 14 scrolls of teleportation.
 47687 | Vaults:5 | 47687 ||| DRINKING 7 potions of heal wounds.
 47688 | Vaults:5 | 47688 ||| INVOKING Heroism.
 47694 | Vaults:5 | HP: 31/156 [shadow dragon/bolt of negative energy (22)]
 47695 | Vaults:5 | 47695 ||| READING 13 scrolls of teleportation.
 47696 | Vaults:5 | 47696 ||| DRINKING 6 potions of heal wounds.
 47700 | Vaults:5 | Noticed an ancient lich
 47700 | Vaults:5 | 47700 ||| INVOKING Finesse.
 47719 | Vaults:5 | Killed an ancient lich
 47738 | Vaults:5 | Received a gift from Okawaru
 47752 | Vaults:5 | 47752 ||| INVOKING Heroism.
 47780 | Vaults:5 | 47780 ||| Stepping ~*~*~tactically~*~*~ (hiding).
 47785 | Vaults:5 | 47785 ||| Stepping ~*~*~tactically~*~*~ (hiding).
 47786 | Vaults:5 | 47786 ||| FLEEEEING.
 47787 | Vaults:5 | 47787 ||| Stepping ~*~*~tactically~*~*~ (hiding).
 47788 | Vaults:5 | 47788 ||| FLEEEEING.
 47789 | Vaults:5 | 47789 ||| Stepping ~*~*~tactically~*~*~ (hiding).
 47816 | Vaults:5 | 47816 ||| Stepping ~*~*~tactically~*~*~ (hiding).
 47820 | Vaults:5 | Reached XP level 24. HP: 70/169 MP: 30/30
 47820 | Vaults:5 | 47820 ||| Stepping ~*~*~tactically~*~*~ (hiding).
 47821 | Vaults:5 | 47821 ||| Stepping ~*~*~tactically~*~*~ (hiding).
 47827 | Vaults:5 | Received a gift from Okawaru
 47833 | Vaults:5 | HP: 21/169 [titan/the air (31)]
 47834 | Vaults:5 | 47834 ||| READING 12 scrolls of teleportation.
 47835 | Vaults:5 | 47835 ||| DRINKING 5 potions of heal wounds.
 47837 | Vaults:5 | 47837 ||| INVOKING Heroism.
 47843 | Vaults:5 | 47843 ||| Stepping ~*~*~tactically~*~*~ (hiding).
 47850 | Vaults:5 | HP: 40/169 [deep troll[an ironbound preserver] (8)]
 47851 | Vaults:5 | 47851 ||| READING 11 scrolls of teleportation.
 47852 | Vaults:5 | 47852 ||| DRINKING 4 potions of heal wounds.
 47907 | Vaults:5 | 47907 ||| Stepping ~*~*~tactically~*~*~ (stealth).
 47909 | Vaults:5 | 47909 ||| Stepping ~*~*~tactically~*~*~ (stealth).
 47911 | Vaults:5 | 47911 ||| INVOKING Heroism.
 48127 | Vaults:5 | 48127 ||| Stepping ~*~*~tactically~*~*~ (stealth).
 48135 | Vaults:5 | Identified the ring "Itsiracwim" {rPois Int+4 Dex-5 SInv}
 48140 | Vaults:5 | 48140 ||| INVOKING Heroism.
 48164 | Vaults:5 | 48164 ||| INVOKING Heroism.
 48173 | Vaults:5 | Reached skill level 23 in Fighting
 48183 | Vaults:5 | Received a gift from Okawaru
 48208 | Vaults:5 | 48208 ||| FLEEEEING.
 48211 | Vaults:5 | 48211 ||| INVOKING Heroism.
 48217 | Vaults:5 | HP: 40/166 [shadow dragon/bolt of negative energy (24)]
 48218 | Vaults:5 | 48218 ||| READING 12 scrolls of teleportation.
 48219 | Vaults:5 | 48219 ||| DRINKING 3 potions of heal wounds.
 48248 | Vaults:5 | HP: 36/165 [deep troll[an ironbound preserver] (10)]
 48249 | Vaults:5 | 48249 ||| READING 11 scrolls of teleportation.
 48250 | Vaults:5 | 48250 ||| DRINKING 2 potions of heal wounds.
 48273 | Vaults:5 | 48273 ||| Stepping ~*~*~tactically~*~*~ (stealth).
 48304 | Vaults:5 | 48304 ||| INVOKING Heroism.
 48315 | Vaults:5 | 48315 ||| Stepping ~*~*~tactically~*~*~ (hiding).
 48326 | Vaults:5 | 48326 ||| Stepping ~*~*~tactically~*~*~ (stealth).
 48332 | Vaults:5 | 48332 ||| Stepping ~*~*~tactically~*~*~ (hiding).
 48336 | Vaults:5 | 48336 ||| Stepping ~*~*~tactically~*~*~ (hiding).
 48349 | Vaults:5 | 48349 ||| READING 10 scrolls of teleportation.
 48354 | Vaults:5 | 48354 ||| INVOKING Heroism.
 48394 | Vaults:5 | 48394 ||| INVOKING Heroism.
 48429 | Vaults:5 | 48429 ||| INVOKING Heroism.
 48431 | Vaults:5 | Received a gift from Okawaru
 48687 | Vaults:5 | Reached skill level 24 in Fighting
 48701 | Vaults:5 | 48701 ||| Stepping ~*~*~tactically~*~*~ (hiding).
 48722 | Vaults:5 | 48722 ||| READING scroll of enchant weapon.
 48722 | Vaults:5 | 48722 ||| ENCHANTING +6 spectral broad axe.
 48750 | Vaults:5 | 48750 ||| INVOKING Heroism.
 48964 | Vaults:5 | 48964 ||| Stepping ~*~*~tactically~*~*~ (stealth).
 49008 | Vaults:5 | 49008 ||| INVOKING Heroism.
 49237 | Vaults:5 | Got a silver rune of Zot
 49426 | Vaults:5 | Identified the staff "Pah Sasch" {Will++ Conj}
 49491 | Vaults:5 | 49491 ||| PLANNING SHOPPING SPREE
 49491 | Vaults:5 | 49491 ||| UPGRADING to +1 cloak of willpower.
 49501 | Vaults:5 | 49501 ||| READING 2 scrolls of enchant armour.
 49501 | Vaults:5 | 49501 ||| ENCHANTING +1 cloak of willpower.
 49502 | Vaults:5 | 49502 ||| DROPPING +2 cloak.
 49954 | D:1      | 49954 ||| BUYING amulet "Luoc" {RegenMP Will+ Regen+} (426
                  | gold).
 49954 | D:1      | Bought the amulet "Luoc" {RegenMP Will+ Regen+} for 426
                  | gold pieces
 50296 | Depths:2 | 50296 ||| BUYING ring of Fobbut {rC- Str+6 Dex+6} (680
                  | gold).
 50296 | Depths:2 | Bought the ring of Fobbut {rC- Str+6 Dex+6} for 680 gold
                  | pieces
 50296 | Depths:2 | 50296 ||| CLEARING SHOPPING LIST
 50296 | Depths:2 | 50296 ||| PLANNING ZOT:1-4
 50355 | Zot:1    | Entered Level 1 of the Realm of Zot
 50356 | Zot:1    | 50356 ||| INVOKING Heroism.
 50416 | Zot:1    | 50416 ||| Stepping ~*~*~tactically~*~*~ (hiding).
 50417 | Zot:1    | 50417 ||| Stepping ~*~*~tactically~*~*~ (hiding).
 50419 | Zot:1    | 50419 ||| Stepping ~*~*~tactically~*~*~ (hiding).
 50420 | Zot:1    | 50420 ||| Stepping ~*~*~tactically~*~*~ (hiding).
 50549 | Zot:1    | 50549 ||| INVOKING Heroism.
 50560 | Zot:1    | 50560 ||| Stepping ~*~*~tactically~*~*~ (cloud).
 50602 | Zot:1    | 50602 ||| Stepping ~*~*~tactically~*~*~ (stealth).
 50604 | Zot:1    | 50604 ||| Stepping ~*~*~tactically~*~*~ (stealth).
 50701 | Zot:1    | 50701 ||| Stepping ~*~*~tactically~*~*~ (stealth).
 50829 | Zot:1    | 50829 ||| Stepping ~*~*~tactically~*~*~ (hiding).
 50832 | Zot:1    | 50832 ||| Stepping ~*~*~tactically~*~*~ (hiding).
 50880 | Zot:1    | 50880 ||| Stepping ~*~*~tactically~*~*~ (hiding).
 50882 | Zot:1    | 50882 ||| INVOKING Heroism.
 50934 | Zot:1    | 50934 ||| Stepping ~*~*~tactically~*~*~ (hiding).
 50935 | Zot:1    | 50935 ||| Stepping ~*~*~tactically~*~*~ (hiding).
 50982 | Zot:1    | 50982 ||| Stepping ~*~*~tactically~*~*~ (hiding).
 50984 | Zot:1    | 50984 ||| Stepping ~*~*~tactically~*~*~ (hiding).
 51069 | Zot:1    | 51069 ||| Stepping ~*~*~tactically~*~*~ (stealth).
 51070 | Zot:1    | 51070 ||| Stepping ~*~*~tactically~*~*~ (stealth).
 51099 | Zot:1    | 51099 ||| Stepping ~*~*~tactically~*~*~ (stealth).
 51100 | Zot:1    | Noticed a Killer Klown
 51102 | Zot:1    | 51102 ||| INVOKING Heroism.
 51103 | Zot:1    | 51103 ||| INVOKING Finesse.
 51112 | Zot:1    | Killed a Killer Klown
 51113 | Zot:1    | Reached skill level 9 in Dodging
 51115 | Zot:1    | Noticed a Killer Klown
 51127 | Zot:1    | Found a shimmering altar of Xom.
 51127 | Zot:1    | Found a glowing silver altar of Zin.
 51127 | Zot:1    | Noticed a Killer Klown
 51127 | Zot:1    | Noticed a Killer Klown
 51137 | Zot:1    | Killed a Killer Klown
 51139 | Zot:1    | 51139 ||| Stepping ~*~*~tactically~*~*~ (hiding).
 51149 | Zot:1    | 51149 ||| Stepping ~*~*~tactically~*~*~ (hiding).
 51156 | Zot:1    | 51156 ||| Stepping ~*~*~tactically~*~*~ (hiding).
 51160 | Zot:1    | Killed a Killer Klown
 51162 | Zot:1    | Killed a Killer Klown
 51162 | Zot:1    | Identified the +2 robe "Loic" {rC+++ rCorr Int-5 Stlth+}
                  | (Okawaru gifted it to you on level 1 of the Realm of Zot)
 51162 | Zot:1    | Received a gift from Okawaru
 51244 | Zot:1    | Found a shimmering altar of Xom.
 51244 | Zot:1    | Found a shimmering altar of Xom.
 51482 | Zot:1    | 51482 ||| INVOKING Heroism.
 51612 | Zot:2    | Found a large runed translucent door.
 51612 | Zot:2    | Found a large runed translucent door.
 51613 | Zot:2    | Found a large runed translucent door.
 51613 | Zot:2    | Found a large runed translucent door.
 51613 | Zot:2    | Found a shimmering altar of Xom.
 51613 | Zot:2    | Identified the +4 great sword of Mana {chaos, rPois Str+2}
 51616 | Zot:2    | 51616 ||| FLEEEEING.
 51632 | Zot:2    | 51632 ||| FLEEEEING.
 51635 | Zot:2    | 51635 ||| FLEEEEING.
 51636 | Zot:2    | 51636 ||| FLEEEEING.
 51637 | Zot:2    | 51637 ||| FLEEEEING.
 51638 | Zot:2    | 51638 ||| FLEEEEING.
 51639 | Zot:2    | 51639 ||| FLEEEEING.
 51640 | Zot:2    | 51640 ||| FLEEEEING.
 51641 | Zot:2    | 51641 ||| FLEEEEING.
 51645 | Zot:2    | 51645 ||| FLEEEEING.
 51646 | Zot:2    | 51646 ||| FLEEEEING.
 51647 | Zot:2    | 51647 ||| FLEEEEING.
 51648 | Zot:2    | 51648 ||| FLEEEEING.
 51649 | Zot:2    | 51649 ||| FLEEEEING.
 51650 | Zot:2    | 51650 ||| FLEEEEING.
 51653 | Zot:2    | 51653 ||| STAIRDANCE
 51678 | Zot:2    | 51678 ||| Stepping ~*~*~tactically~*~*~ (hiding).
 51681 | Zot:2    | 51681 ||| Stepping ~*~*~tactically~*~*~ (hiding).
 51697 | Zot:2    | 51697 ||| FLEEEEING.
 51698 | Zot:2    | 51698 ||| FLEEEEING.
 51699 | Zot:2    | 51699 ||| FLEEEEING.
 51702 | Zot:2    | 51702 ||| STAIRDANCE
 51709 | Zot:1    | 51709 ||| FLEEEEING.
 51710 | Zot:1    | 51710 ||| FLEEEEING.
 51798 | Zot:2    | 51798 ||| INVOKING Heroism.
 51867 | Zot:2    | 51867 ||| Stepping ~*~*~tactically~*~*~ (stealth).
 51878 | Zot:2    | 51878 ||| Stepping ~*~*~tactically~*~*~ (stealth).
 51879 | Zot:2    | 51879 ||| Stepping ~*~*~tactically~*~*~ (stealth).
 51881 | Zot:2    | 51881 ||| Stepping ~*~*~tactically~*~*~ (stealth).
 51937 | Zot:2    | 51937 ||| Stepping ~*~*~tactically~*~*~ (hiding).
 52174 | Zot:2    | 52174 ||| INVOKING Heroism.
 52554 | Zot:2    | Found a large runed translucent door.
 52555 | Zot:2    | Found a large runed translucent door.
 52556 | Zot:2    | Found a large runed translucent door.
 52556 | Zot:2    | Noticed a Killer Klown
 52560 | Zot:2    | Noticed a Killer Klown
 52560 | Zot:2    | Noticed a Killer Klown
 52561 | Zot:2    | Identified the +4 longbow of Lyfauq {chaos, rPois}
 52569 | Zot:2    | 52569 ||| INVOKING Heroism.
 52570 | Zot:2    | 52570 ||| INVOKING Finesse.
 52571 | Zot:2    | Killed a Killer Klown
 52579 | Zot:2    | Killed a Killer Klown
 52580 | Zot:2    | Reached skill level 25 in Fighting
 52580 | Zot:2    | Reached XP level 25. HP: 94/181 MP: 24/30
 52580 | Zot:2    | Noticed a Killer Klown
 52583 | Zot:2    | Killed a Killer Klown
 52589 | Zot:2    | Killed a Killer Klown
 52590 | Zot:2    | Noticed a Killer Klown
 52606 | Zot:2    | Killed a Killer Klown
 53047 | Zot:2    | Noticed a Killer Klown
 53048 | Zot:2    | Found a large runed translucent door.
 53049 | Zot:2    | 53049 ||| INVOKING Heroism.
 53053 | Zot:2    | Identified the +0 robe "Kuty Fiasu" {rCorr MP+9 Int-2
                  | Dex+2}
 53060 | Zot:2    | Identified the +5 scale mail of the Sixty-Six Lives
                  | {Will+++ Str-2 Int+6 Dex-5}
 53061 | Zot:2    | Killed a Killer Klown
 53315 | Zot:2    | 53315 ||| Stepping ~*~*~tactically~*~*~ (stealth).
 53319 | Zot:2    | 53319 ||| Stepping ~*~*~tactically~*~*~ (hiding).
 53866 | Zot:2    | 53866 ||| ZAPPING wand of digging (11).
 53867 | Zot:2    | 53867 ||| ZAPPING wand of digging (10).
 53868 | Zot:2    | 53868 ||| ZAPPING wand of digging (9).
 53869 | Zot:2    | 53869 ||| ZAPPING wand of digging (8).
 54067 | Zot:3    | 54067 ||| INVOKING Heroism.
 54070 | Zot:3    | 54070 ||| Stepping ~*~*~tactically~*~*~ (hiding).
 54071 | Zot:3    | 54071 ||| Stepping ~*~*~tactically~*~*~ (hiding).
 54092 | Zot:3    | Received a gift from Okawaru
 54110 | Zot:3    | 54110 ||| INVOKING Heroism.
 54126 | Zot:3    | HP: 41/182 [purple draconian/+1 heavy hand axe[a black
                  | draconian knight] (6)]
 54127 | Zot:3    | 54127 ||| READING 13 scrolls of teleportation.
 54128 | Zot:3    | 54128 ||| DRINKING potion of heal wounds.
 54153 | Zot:3    | 54153 ||| qw: Version: 0.3-a-40-ge99b1a8
 54153 | Zot:3    | 54153 ||| qw: Game counter: 1
 54153 | Zot:3    | 54153 ||| qw: Melee chars always use a shield: true
 54153 | Zot:3    | 54153 ||| qw: Do Orc after clearing Dungeon:15 true
 54153 | Zot:3    | 54153 ||| qw: Do second Lair branch before Depths: true
 54153 | Zot:3    | 54153 ||| qw: Lair rune preference: random
 54153 | Zot:3    | 54153 ||| qw: Goals: Normal
 54153 | Zot:3    | 54153 ||| PLANNING D:1-11
 54378 | Zot:3    | 54378 ||| DROPPING +9 broad axe of flaming.
 54379 | Zot:3    | 54379 ||| DROPPING +0 pair of boots "Lyvaczia" {rCorr
                  | Str+2}.
 54380 | Zot:3    | 54380 ||| DROPPING +1 acid dragon scales.
 54381 | Zot:3    | 54381 ||| DROPPING +2 robe "Loic" {rC+++ rCorr Int-5
                  | Stlth+}.
 54382 | Zot:3    | 54382 ||| DROPPING ring of resist corrosion.
 54383 | Zot:3    | 54383 ||| DROPPING ring of resist corrosion.
 54384 | Zot:3    | 54384 ||| DROPPING ring of Zyicawue {Ice Will+}.
 54385 | Zot:3    | 54385 ||| DROPPING ring of the Little Devil {rPois rF-
                  | rCorr SInv Stlth-}.
 54386 | Zot:3    | 54386 ||| DROPPING 8 potions of attraction.
 54387 | Zot:3    | 54387 ||| DROPPING 8 potions of lignification.
 54961 | D:1      | 54961 ||| PLANNING LAIR
 55254 | Lair:5   | 55254 ||| PLANNING D:1-11
 55772 | D:11     | 55772 ||| PLANNING D
 55861 | D:15     | 55861 ||| PLANNING ORC
 55938 | Orc:2    | 55938 ||| PLANNING SPIDER:1-3
 56153 | Spider:3 | 56153 ||| PLANNING SWAMP:1-3
 56317 | Swamp:3  | 56317 ||| PLANNING SPIDER:4
 56475 | Spider:4 | 56475 ||| PLANNING VAULTS:1-4
 56832 | Vaults:4 | 56832 ||| PLANNING SWAMP:4
 57172 | Swamp:4  | 57172 ||| PLANNING DEPTHS
 57659 | Depths:4 | 57659 ||| PLANNING VAULTS:5
 58049 | Vaults:5 | 58049 ||| PLANNING SHOPPING SPREE
 58049 | Vaults:5 | 58049 ||| PLANNING ZOT:1-4
 58533 | Zot:3    | 58533 ||| READING scroll of acquirement.
 58533 | Zot:3    | 58533 ||| ACQUIRING 581 gold pieces
 58533 | Zot:3    | Acquired 581 gold pieces
 58566 | Zot:3    | 58566 ||| INVOKING Heroism.
 58579 | Zot:3    | Received a gift from Okawaru
 58585 | Zot:3    | 58585 ||| Stepping ~*~*~tactically~*~*~ (hiding).
 58586 | Zot:3    | 58586 ||| Stepping ~*~*~tactically~*~*~ (hiding).
 58886 | Zot:3    | 58886 ||| Stepping ~*~*~tactically~*~*~ (hiding).
 58893 | Zot:3    | 58893 ||| Stepping ~*~*~tactically~*~*~ (hiding).
 58905 | Zot:3    | Reached skill level 15 in Throwing
 58914 | Zot:3    | 58914 ||| INVOKING Heroism.
 58961 | Zot:3    | 58961 ||| INVOKING Heroism.
 58963 | Zot:3    | 58963 ||| Stepping ~*~*~tactically~*~*~ (hiding).
 58971 | Zot:3    | 58971 ||| Stepping ~*~*~tactically~*~*~ (hiding).
 58973 | Zot:3    | 58973 ||| Stepping ~*~*~tactically~*~*~ (hiding).
 58976 | Zot:3    | 58976 ||| Stepping ~*~*~tactically~*~*~ (hiding).
 58984 | Zot:3    | 58984 ||| FLEEEEING.
 58985 | Zot:3    | 58985 ||| FLEEEEING.
 58986 | Zot:3    | 58986 ||| FLEEEEING.
 58987 | Zot:3    | 58987 ||| FLEEEEING.
 58988 | Zot:3    | 58988 ||| STAIRDANCE
 59102 | Zot:3    | Noticed a Killer Klown
 59103 | Zot:3    | 59103 ||| INVOKING Heroism.
 59119 | Zot:3    | Killed a Killer Klown
 59190 | Zot:3    | 59190 ||| INVOKING Heroism.
 59340 | Zot:3    | 59340 ||| Stepping ~*~*~tactically~*~*~ (stealth).
 59343 | Zot:3    | 59343 ||| Stepping ~*~*~tactically~*~*~ (stealth).
 59344 | Zot:3    | 59344 ||| Stepping ~*~*~tactically~*~*~ (stealth).
 59359 | Zot:3    | Identified the +8 chain mail of Circular Logic {Str+3
                  | Dex+2}
 59382 | Zot:3    | 59382 ||| Stepping ~*~*~tactically~*~*~ (hiding).
 59386 | Zot:3    | 59386 ||| INVOKING Heroism.
 59469 | Zot:4    | Noticed Vv
 59470 | Zot:4    | 59470 ||| Stepping ~*~*~tactically~*~*~ (hiding).
 59472 | Zot:4    | 59472 ||| Stepping ~*~*~tactically~*~*~ (hiding).
 59473 | Zot:4    | 59473 ||| Stepping ~*~*~tactically~*~*~ (hiding).
 59475 | Zot:4    | 59475 ||| DRINKING 3 potions of resistance.
 59476 | Zot:4    | 59476 ||| INVOKING Heroism.
 59488 | Zot:4    | Killed Vv
 59501 | Zot:4    | 59501 ||| Stepping ~*~*~tactically~*~*~ (stealth).
 59504 | Zot:4    | 59504 ||| Stepping ~*~*~tactically~*~*~ (stealth).
 59506 | Zot:4    | 59506 ||| Stepping ~*~*~tactically~*~*~ (stealth).
 59529 | Zot:4    | Reached skill level 26 in Fighting
 59723 | Zot:4    | 59723 ||| Stepping ~*~*~tactically~*~*~ (hiding).
 59730 | Zot:4    | 59730 ||| INVOKING Heroism.
 59736 | Zot:4    | 59736 ||| FLEEEEING.
 59741 | Zot:4    | 59741 ||| STAIRDANCE
 59938 | Zot:4    | 59938 ||| INVOKING Heroism.
 60153 | Zot:4    | 60153 ||| Stepping ~*~*~tactically~*~*~ (hiding).
 60286 | Zot:4    | 60286 ||| Stepping ~*~*~tactically~*~*~ (hiding).
 60291 | Zot:4    | 60291 ||| Stepping ~*~*~tactically~*~*~ (hiding).
 60292 | Zot:4    | 60292 ||| Stepping ~*~*~tactically~*~*~ (hiding).
 60298 | Zot:4    | Received a gift from Okawaru
 60300 | Zot:4    | 60300 ||| INVOKING Heroism.
 60505 | Zot:4    | 60505 ||| Stepping ~*~*~tactically~*~*~ (stealth).
 60522 | Zot:4    | 60522 ||| Stepping ~*~*~tactically~*~*~ (hiding).
 60533 | Zot:4    | 60533 ||| Stepping ~*~*~tactically~*~*~ (hiding).
 60537 | Zot:4    | 60537 ||| INVOKING Heroism.
 60553 | Zot:4    | Received a gift from Okawaru
 60558 | Zot:4    | 60558 ||| INVOKING Heroism.
 61127 | Zot:4    | 61127 ||| PLANNING ORB
 61158 | Zot:5    | Entered Level 5 of the Realm of Zot
 61178 | Zot:5    | Found the +8 autumn katana {manifold assault}
 61262 | Zot:5    | 61262 ||| Stepping ~*~*~tactically~*~*~ (stealth).
 61299 | Zot:5    | 61299 ||| Stepping ~*~*~tactically~*~*~ (stealth).
 61431 | Zot:5    | Noticed an ancient lich
 61432 | Zot:5    | 61432 ||| INVOKING Heroism.
 61432 | Zot:5    | Noticed an ancient lich
 61433 | Zot:5    | Noticed an orb of fire
 61434 | Zot:5    | 61434 ||| DRINKING 2 potions of resistance.
 61438 | Zot:5    | Reached XP level 26. HP: 151/192 MP: 30/31
 61438 | Zot:5    | Killed an ancient lich
 61438 | Zot:5    | Noticed a Killer Klown
 61439 | Zot:5    | Received a gift from Okawaru
 61439 | Zot:5    | Noticed an orb of fire
 61441 | Zot:5    | Noticed a Killer Klown
 61442 | Zot:5    | Noticed a Killer Klown
 61443 | Zot:5    | Gained mutation: You occasionally lose the ability to read
                  | scrolls when taking damage. [an orb of fire]
 61444 | Zot:5    | Killed an ancient lich
 61445 | Zot:5    | Noticed a Killer Klown
 61445 | Zot:5    | 61445 ||| INVOKING Finesse.
 61447 | Zot:5    | Killed an orb of fire
 61450 | Zot:5    | Reached skill level 27 in Fighting
 61451 | Zot:5    | Gained mutation: You are weak. (Str -2) [an orb of fire]
 61453 | Zot:5    | HP: 42/193 [Orb Guardian (7)]
 61454 | Zot:5    | 61454 ||| READING 12 scrolls of teleportation.
 61455 | Zot:5    | HP: 20/193 [shadow dragon (4)]
 61457 | Zot:5    | Killed an orb of fire
 61458 | Zot:5    | HP: 6/193 [Killer Klown/+11 club of flaming (12)]
 61460 | Zot:5    | Killed a Killer Klown
 61460 | Zot:5    | Received a gift from Okawaru
 61460 | Zot:5    | Slain by an Orb Guardian

Levels and vault maps discovered:
D:1:      minmay_arrival_shoal_huts, layout_basic, serial_shops,
          nicolae_shop_behind_doors
D:2:      layout_basic
D:3:      layout_basic, serial_forest, infiniplex_forest_clump_medium,
          infiniplex_forest_end_1, infiniplex_forest_lined_2,
          infiniplex_forest_zigzag_2, infiniplex_forest_straight_4,
          chequers_serial_rivers_micro_b
D:4:      layout_cave_pods, minmay_temple_entry_arrows, nicolae_elemental_shop,
          kennysheep_generic_room_6
D:5:      layout_cave_pools, mainiacjoe_overflow_paths, gammafunk_ghost_split,
          minmay_misc_feat_nine_boxes, kennysheep_generic_room_5
D:6:      corexii_shantytown, layout_rooms, trog_ov_bears_minmay, uniq_eustachio
D:7:      cheibrodos_iron_armory, layout_basic, marbit_many_paths,
          enter_bailey_4
D:8:      layout_loops_ring
D:9:      layout_loops_ring, mainiacjoe_overflow_divided_tiny
D:10:     layout_irregular_city
D:11:     layout_rooms, david_lair_generic, special_room [special_room_orc],
          amcnicky_mini_rare_corridor_liquid
D:12:     layout_roguey, zombieorc2_lemuel
D:13:     layout_basic, gauntlet_entry_generic, uniq_jorgrun, uniq_erolcha
D:14:     layout_long_grid, erik_vaults_1, fedhas_altar_fruit_tree, uniq_frances
D:15:     grunt_enter_depths_snipers, layout_basic, zin_angel, uniq_kirke
Temple:   nicolae_temple_bog_church
Lair:1:   layout_concentric_octagons, uniq_maggie, uniq_grum
Lair:2:   layout_loops_ring, st_stairs_12, nicolae_lair_lakeside_cave,
          uniq_gastronok
Lair:3:   layout_big_grid, minmay_swamp_entry_worms, dummy_spider_entry,
          beast_lair_carwin_8, uniq_nessos
Lair:4:   layout_roguey, slime_entry_1
Lair:5:   evil_forest, layout_gridlike, serial_bayou_shore_b,
          lemuel_fruit_fields
Swamp:1:  layout_falls_marsh, serial_swamp_ruin, hangedman_swamp_ruin_wall,
          evilmike_swamp_ruin_house_1
Swamp:2:  layout_basic_swamp, evilmike_swamp_ruin_house_5, swamp_pool2,
          nicolae_swamp_orc_logging_accident
Swamp:3:  layout_basic_swamp, nicolae_swamp_bean_lake, swamp_pool1,
          water_boxes_lemuel, uniq_mlioglotl
Swamp:4:  swamp_basic_johnstein, layout_basic_swamp
Spider:1: layout_spider_delve, drop_trap, hellmonk_motheaten_closet,
          hangedman_spider_tarantella_strand, uniq_azrael
Spider:2: layout_cave_pods
Spider:3: layout_spider_delve, ebering_ghost_disaster_area,
          hellmonk_watch_for_rolling_rocks
Spider:4: guppyfry_spider_rune, nicolae_spider_checkerboard, uniq_donald
Orc:1:    layout_caves, special_room [special_room_orc], serial_shops,
          nicolae_shop_crystal, nicolae_shop_trees,
          nicolae_shop_industrial_runoff, nicolae_shop_trees
Orc:2:    grunt_orc_gardens, layout_caves, grunt_orc_garden, grunt_orc_garden,
          grunt_orc_garden, grunt_orc_garden, portal_ice_cave_rime, basic_altar
Vaults:1: nicolae_vaults_know_your_exits, vaults_mumra_hexcomb,
          hangedman_vaults_stitches, nicolae_vaults_house_1,
          nicolae_vaults_storage_room_doors, vaults_dpeg_spiral, v_misc_13,
          nicolae_vaults_trapezoid_3, nicolae_vaults_tetromino_Z_1,
          layout_vaults_chaotic_city, serial_shops, shop
Vaults:2: gammafunk_sealed_arena, nicolae_vaults_house_2, v_misc_15,
          nicolae_vaults_trapezoid_lopsided_3, vaults_dpeg_encased_lava,
          nicolae_vaults_little_ls, v_alt_pattern_6, v_pattern_4,
          nicolae_vaults_lightning_bolt, v_misc_9, ontoclasm_vaults_chip,
          nicolae_vaults_sesquioval_fish, layout_vaults_omnibox, uniq_bai_suzhen
Vaults:3: ontoclasm_vaults_tryst, minmay_crypt_entry_simple_statues,
          nicolae_vaults_tetromino_T_2, nicolae_vaults_security_offices_6,
          v_misc_3, ontoclasm_vaults_chip, vaults_room_corners,
          layout_vaults_omnigrid, serial_shops, nicolae_shop_just_a_little_nook,
          nicolae_shop_back_alley_shop, shop, nicolae_shop_stone, shop,
          uniq_saint_roka, uniq_boris
Vaults:4: v_pattern_3, nicolae_vaults_apartment_1, ontoclasm_vaults_eye,
          grunt_vaults_focal, nicolae_vaults_layer_cake_slice,
          nicolae_vaults_shipping_containers_4,
          nicolae_vaults_shrinking_rooms_1, vaults_room_hallway,
          nicolae_vaults_frosty_reception, vaults_room_hallway,
          vaults_mumra_minichess, nicolae_vaults_house_1,
          nicolae_vaults_double_plus_1, vaults_dpeg_ring, grunt_vaults_funnel,
          layout_vaults_ring, uniq_mara, uniq_mennas, uniq_aizul
Vaults:5
Depths:1: layout_basic, enter_ziggurat_d, pan_entry, hell_entry,
          yredelemnul_altar_generic, nicolae_diode_basic, grunt_megastairs_1
Depths:2: minmay_diamond_stairs, layout_gridlike, minmay_misc_feat_tower,
          hell_entry, rand_demon_pan_entry_5, infiniplex_staircase_pool_2,
          minmay_shop_grove, uniq_asterion, uniq_sojobo
Depths:3: lemuel_castle_with_subvaults [lemuel_castle_interior_carwin_1],
          layout_long_grid, minmay_room_of_horrors, serial_shops,
          kennysheep_mini_moat, hell_entry, firewood_loft,
          infiniplex_staircase_pillars_2, serial_bayou_shore_b, uniq_josephina
Depths:4: grunt_crosshair, layout_basic, pf_dread_powers_of_hell, abyss_entry,
          vehumet_crystals
Zot:1:    dreamdust_zin_vs_xom, layout_misc_corridors
Zot:2:    layout_cathedral_of_symmetry, hangedman_xom_zot_hilarity
Zot:3:    layout_misc_corridors
Zot:4:    layout_twisted_circle, uniq_vv
Zot:5:    layout_misc_corridors

Skill      XL: |  1  2  3  4  5  6  7  8  9 10 11 12 13 14 15 16 17 18 19 20 21 22 23 24 25 26 |
---------------+-------------------------------------------------------------------------------+-----
Axes           | 2 3 4 5 6 7 8 10 11 12 13 15 16 17 18 | 18.0
Throwing       | 1 2 3 4 5 6 9 10 11 13 14 15 | 15.2
Fighting       | 4 5 6 7 8 9 10 12 13 14 16 17 18 20 22 25 26 27 | 27.0
Armour         | 4 5 6 7 8 9 14 16 18 19 20 22 | 22.0
Dodging        | 1 2 3 4 5 7 8 9 |  9.0
Invocations    | 4 5 9 10 11 | 11.6
Shields        | 8 9 10 11 12 16 17 18 19 20 | 20.0

Action                     |  1- 3 |  4- 6 |  7- 9 | 10-12 | 13-15 | 16-18 | 19-21 | 22-24 | 25-27 || total
---------------------------+-------+-------+-------+-------+-------+-------+-------+-------+-------++-------
  Melee: War axe           |    90 |   106 |   264 |   332 |   920 |   860 |  1478 |       |       ||  4050
         Hand axe          |       |       |    31 |     1 |    36 |       |       |       |       ||    68
         Broad axe         |       |       |       |       |       |   526 |    56 |  1147 |   393 ||  2122
  Throw: Javelin           |    27 |     4 |       |    42 |    74 |    90 |   115 |   124 |    54 ||   530
         Boomerang         |       |       |    51 |    48 |    56 |   262 |    94 |    65 |    14 ||   590
 Invoke: Heroism           |       |       |     6 |    20 |    26 |    43 |    20 |    41 |    16 ||   172
         Finesse           |       |       |       |       |    10 |     5 |    12 |    14 |     1 ||    42
  Evoke: Wand              |       |       |       |       |       |       |       |       |     4 ||     4
    Use: Scroll            |       |     5 |     9 |    13 |     6 |    14 |     6 |     9 |     3 ||    65
         Potion            |       |     3 |     2 |     2 |       |       |     1 |     6 |     3 ||    17
   Stab: Distracted        |       |       |       |       |     1 |       |     2 |    19 |    11 ||    33
 Armour: Scale mail        |    30 |       |       |       |       |       |       |       |       ||    30
         Plate armour      |    31 |    52 |   251 |   170 |    57 |       |       |       |       ||   561
         Chain mail        |       |       |       |       |   128 |       |       |       |       ||   128
         Crystal plate arm |       |       |       |       |   143 |   451 |   566 |   366 |   218 ||  1744
  Dodge: Dodged            |    36 |    27 |    62 |   118 |   337 |   457 |   583 |   356 |   195 ||  2171
  Block: Buckler           |    17 |    14 |    36 |       |       |       |       |       |       ||    67
         Kite shield       |       |       |    52 |   153 |   336 |    11 |   610 |   519 |   234 ||  1915
         Tower shield      |       |       |       |       |       |  1045 |   437 |       |       ||  1482

Table legend:
 A = Non-vault XP
 B = Vault XP
 C = Vault XP percentage of total XP
 D = Non-vault monster count
 E = Vault monster count
 F = Vault count percentage of total count
                 A         B        C        D         E       F
            +---------+---------+-------+---------+---------+-------
      Total |  637980 |  503295 |  44.1 |    1277 |     701 |  35.4
            +---------+---------+-------+---------+---------+-------
        D:1 |      54 |       0 |   0.0 |      30 |       0 |   0.0
        D:2 |      43 |       0 |   0.0 |      15 |       0 |   0.0
        D:3 |      34 |       0 |   0.0 |      15 |       0 |   0.0
        D:4 |     463 |       1 |   0.2 |      22 |       1 |   4.3
        D:5 |     435 |      46 |   9.6 |      17 |       2 |  10.5
        D:6 |     941 |     567 |  37.6 |      17 |      35 |  67.3
        D:7 |     794 |    1287 |  61.8 |      19 |      10 |  34.5
        D:8 |    1678 |       0 |   0.0 |      22 |       0 |   0.0
        D:9 |    2454 |       0 |   0.0 |      20 |       0 |   0.0
       D:10 |    2797 |       0 |   0.0 |      13 |       0 |   0.0
       D:11 |    3522 |    2543 |  41.9 |      14 |      24 |  63.2
       D:12 |    5903 |     801 |  11.9 |      24 |      36 |  60.0
       D:13 |    5076 |    2655 |  34.3 |      19 |       2 |   9.5
       D:14 |   10327 |    3047 |  22.8 |      25 |       3 |  10.7
       D:15 |    9795 |    4081 |  29.4 |      22 |       4 |  15.4
     Lair:1 |    7828 |     932 |  10.6 |      34 |       5 |  12.8
     Lair:2 |   12956 |   10289 |  44.3 |      36 |      24 |  40.0
     Lair:3 |    5463 |    3349 |  38.0 |      19 |      10 |  34.5
     Lair:4 |    3772 |       0 |   0.0 |      17 |       0 |   0.0
     Lair:5 |   14538 |    9965 |  40.7 |      47 |      26 |  35.6
    Swamp:1 |   15631 |       0 |   0.0 |      41 |       0 |   0.0
    Swamp:2 |   15515 |       0 |   0.0 |      36 |       0 |   0.0
    Swamp:3 |   18870 |    1757 |   8.5 |      33 |       1 |   2.9
    Swamp:4 |   21585 |   17195 |  44.3 |      38 |      30 |  44.1
   Spider:1 |   15671 |    4323 |  21.6 |      41 |      11 |  21.2
   Spider:2 |   24363 |       0 |   0.0 |      56 |       0 |   0.0
   Spider:3 |   16614 |    1869 |  10.1 |      38 |       3 |   7.3
   Spider:4 |   19348 |   22551 |  53.8 |      39 |      37 |  48.7
      Orc:1 |    2456 |    5696 |  69.9 |      29 |      24 |  45.3
      Orc:2 |    5606 |    8708 |  60.8 |      45 |      29 |  39.2
   Vaults:1 |   23245 |   16387 |  41.3 |      36 |      21 |  36.8
   Vaults:2 |   30471 |   24392 |  44.5 |      48 |      29 |  37.7
   Vaults:3 |   20397 |   17101 |  45.6 |      28 |      23 |  45.1
   Vaults:4 |   20443 |   34746 |  63.0 |      27 |      30 |  52.6
   Vaults:5 |   34480 |  102947 |  74.9 |      44 |      97 |  68.8
   Depths:1 |   14112 |   10625 |  43.0 |      19 |      15 |  44.1
   Depths:2 |   12772 |   19728 |  60.7 |      13 |      14 |  51.9
   Depths:3 |   20195 |   68451 |  77.2 |      20 |      75 |  78.9
   Depths:4 |   49017 |   21923 |  30.9 |      57 |      18 |  24.0
      Zot:1 |   31005 |   18122 |  36.9 |      26 |      12 |  31.6
      Zot:2 |   20538 |   22518 |  52.3 |      20 |      15 |  42.9
      Zot:3 |   67483 |       0 |   0.0 |      53 |       0 |   0.0
      Zot:4 |   37543 |    3021 |   7.4 |      33 |       1 |   2.9
      Zot:5 |   11747 |   37088 |  75.9 |      10 |      14 |  58.3
   Gauntlet |       0 |    4584 | 100.0 |       0 |      20 | 100.0
            +---------+---------+-------+---------+---------+-------
